Workbook
Name A: 'Backup sheet'!$D$2
Name ab: 'Backup sheet'!$E$3:$E$4
Name AE: 'Backup sheet'!$H$2
Name AOE: 'Backup sheet'!$I$2:$I$8
Name B: 'Backup sheet'!$D$3
Name BL: 'Backup sheet'!$J$2
Name BND: 'Backup sheet'!$D$4:$D$6
Name BOB: 'Backup sheet'!$E$3:$E$5
Name BS: 'Backup sheet'!$E$5
Name BWS: 'Backup sheet'!$I$9
Name CSOD: 'Backup sheet'!$F$2:$F$5
Name D: 'Backup sheet'!$D:$D
Name DCD: 'Backup sheet'!$I$3:$I$8
Name DD: 'Backup sheet'!$D$4
Name Default: 'Backup sheet'!$K$2
Name EE: 'Backup sheet'!$D$5
Name FF: 'Backup sheet'!$D$6
Name gf: #REF!
Name JJ: 'Backup sheet'!$E$2
Name KK: 'Backup sheet'!$E$3
Name LC: 'Backup sheet'!$H$2:$H$3
Name LDC: 'Backup sheet'!$I$2:$I$9
Name LL: 'Backup sheet'!$E$4
Name MBW: 'Backup sheet'!$I$3:$I$9
Name MM: 'Backup sheet'!$E$6
Name MMM: 'Backup sheet'!$B$4
Name NA: 'Backup sheet'!$J$4
Name NL: 'Backup sheet'!$H$3
Name NN: 'Backup sheet'!$E$7
Name OB: 'Backup sheet'!$E$4:$E$5
Name OO: 'Backup sheet'!$E$8
Name s: #REF!
Name SSS: 'Backup sheet'!$G$2:$G$3
Name tcs: 'Backup sheet'!$B$3
Name Type: 'Backup sheet'!$A$2:$A$6
Name vv: 'Backup sheet'!$B$2
Name YNN: 'Backup sheet'!$J$2:$J$4

Sheet Backup sheet
A1: FIA - Type of Compliant | B1: IA Visit/Tele Call Verification Status | C1: If Tele Call Not Success | D1: Availability of Borrower | E1: Confirmed By | F1: Cash Siphoned Off Details (Drop Down) | G1: If TeleCall Success | H1: Loan Card | I1: Availability of Evidence
A2: Collection Amount Misappropriated | B2: Visited | C2: Invalid Number | D2: Borrower Available | E2: Borrower | F2: Safe Locker Cash Siphoned Off | G2: Borrower | H2: Available | I2: Loan Card | J2: Yes
A3: Pre-Closure Amount Misappropriated | B3: Tele Call Success | C3: Incoming Facility Barred | D3: Borrower Not Available | E3: Borrower Family Member | F3: Collection Entry done in FIMO without Collecting Amount from Borrower - Borrower Details Available | G3: Borrower Family Member | H3: Not Available | I3: Digital Payment | J3: No
A4: Disbursed Amount Recollected | B4: Tele Call Not Success | C4: No Answer | D4: Borrower Not Traceable | E4: Other Borrower | F4: Collection Entry done in FIMO without Collecting Amount from Borrower - Borrower Details Not Available | I4: Cash Receipt | J4: NA
A5: Advance Collection Amount Misappropriated | C5: Out of Coverage Area | D5: Borrower-Migrated | E5: Branch Staff | F5: Collection Entry done in FIMO without Collecting Amount from Borrower - Borrower Details Partial Available | I5: Delinquent Staff Written Statement
A6: Loan Amount Misappropriation | C6: Other Member | D6: Borrower Death | E6: Borrower Migrated | I6: Center Meeting Register
C7: Staff Mobile Number | E7: Borrower Not Treceable | I7: Handwritten Receipt
C8: Switched Off | E8: Borrower Death | I8: Multiple Evidence
C9: Wrong Number | I9: Borrower Written Statement

Sheet Fraud Investigation Report
A1: Spandana Sphoorty Financial Limited
A2: Fraud Risk Management Department
A3: Fraud Investigation Report Tracker Version 1.2
A4: Sr. No. | B4: Financial Year/Quarter (Formula) | C4: Branch Code (Formula) | D4: Branch Name (Formula) | E4: State (Formula) | F4: Region (Formula) | G4: Date of Identification (DD-MMM-YY) | H4: Identified by (IA/Business/HR/IT etc) (Drop Down) | I4: Date of Complaint Raised (DD-MMM-YY) | J4: Compliant Number (Formula) | K4: Initial No. of Borrowers Identified | L4: Preliminary Fraud Amount | M4: Preliminary Fraud Amount Recovered | N4: AH Name/ID | O4: RH Name/ID | P4: SH Name/ID | Q4: CBO/DCBO Name/ID | R4: Name of the Staff Involved (Formula) | S4: Employee Designation (Formula) | T4: Employee Code (Formula) | U4: Employee Current Status (Drop Down) | V4: Date, if Employee not available/not working (DD-MMM-YY) | W4: Type of Compliant (Formula) | X4: Multiple Complaints If any (Formula) | Y4: Fraud Investigation Status (Drop Down) | Z4: Start Date of Fraud Investigation (DD-MMM-YY) | AA4: End Date of Fraud Investigation (DD-MMM-YY) | AB4: Veification done by AH Name | AC4: Veification done by AH Emp Id | AD4: Number of borrowers verified by AH | AE4: Investigation done by IO Name | AF4: Investigation done by IO Emp ID | AG4: Number of borrowers verified by IO | AH4: Total No. of Borrowers Verified (Formula) | AI4: Total Fraud Amount (Post Investigation) (Formula) | AJ4: Total Amount Accounted (Amount updated in FIMO during Verification) (On or before Fraud Investigation) (Formula) | AK4: Total Amount Recovered (Amount Recovred from staff during FI) (On or before Fraud Investigation) (Formula) | AL4: Balance Net Fraud Amount to recover (Formula) | AM4: Total number of Borrowers Affected (Formula) | AN4: Investigation Report Submitted Date (DD-MMM-YY) | AO4: Investigation Officer Observations & Remarks
A5: 1 | B5: =IF(I5="", "", IF(MONTH(I5)>=4, "Q" & ROUNDUP((MONTH(I5)-3)/3,0) & " " & YEAR(I5)-2000 & "-" & YEAR(I5)-1999, "Q" & ROUNDUP((MONTH(I5)+9)/3,0) & " " & YEAR(I5)-2001 & "-" & YEAR(I5)-2000)) -> Q2 26-27 | C5: =IF('Physical Cash at Safe'!D28="Yes", 'Physical Cash at Safe'!B4, 'Borrower Wise Details'!B5) -> CHGL2136 | D5: =IF('Physical Cash at Safe'!D28="Yes", 'Physical Cash at Safe'!A4, 'Borrower Wise Details'!C5) -> Pussore | E5: =IF(D5="", "", IF(ISBLANK('Loan Outstanding Report'!B5), IF('Physical Cash at Safe'!D28="Yes", 'Physical Cash at Safe'!A6, ""), 'Loan Outstanding Report'!B5)) -> East | F5: =IF(D5="", "", IF(ISBLANK('Loan Outstanding Report'!C5), IF('Physical Cash at Safe'!D28="Yes", 'Physical Cash at Safe'!E4, ""), 'Loan Outstanding Report'!C5)) -> Chhattisgarh | G5: 46238 | H5: CSS | I5: 46238 | J5: =IF('Physical Cash at Safe'!D28="Yes",'Physical Cash at Safe'!E28,IF('Borrower Wise Details'!D5<>"",'Borrower Wise Details'!D5,"")) -> FN26-27-01160 | K5: 1 | L5: 2690 | M5: 0 | N5: Nilambar Chauhan/sf0050530 | O5: Dhaneshwar Yadav/SF0022006 | P5: Deependra Shrivastava/SF0002115 | Q5: Deepak Kujur/SF0101649 | R5: =IF('Physical Cash at Safe'!$D$28="Yes", 'Physical Cash at Safe'!$A$28, IF('Borrower Wise Details'!F5<>"", 'Borrower Wise Details'!F5, "")) -> Ashutosh Pradhan | S5: =IF('Physical Cash at Safe'!$D$28="Yes", 'Physical Cash at Safe'!$C$28, IF('Borrower Wise Details'!H5<>"", 'Borrower Wise Details'!H5, "")) -> Credit Assistant | T5: =IF('Physical Cash at Safe'!$D$28="Yes", 'Physical Cash at Safe'!$B$28, IF('Borrower Wise Details'!G5<>"", 'Borrower Wise Details'!G5, "")) -> SF0087885 | U5: Terminated | V5: 45761 | W5: =IF('Physical Cash at Safe'!$D$28="Yes", "Safe Locker Cash Siphoned Off", IF('Borrower Wise Details'!$P$5<>"",'Borrower Wise Details'!$P$5,"") ) -> Collection Amount Misappropriated | X5: {=IF('Borrower Wise Details'!P5="","", IF('Physical Cash at Safe'!$D$28="Yes", IF(COUNT('Borrower Wise Details'!$P$5:$P$1003)<>"", IFERROR( _xlfn.TEXTJOIN("/",TRUE,_xlfn.UNIQUE(_xlfn._xlws.FILTER('Borrower Wise Details'!$P$5:$P$1003,'Borrower Wise Details'!$P$5:$P$1003<>""))), "" ), "" ), IF(COUNT('Borrower Wise Details'!$P$5:$P$1003)<>"", IFERROR( _xlfn.TEXTJOIN("/",TRUE,_xlfn.UNIQUE(_xlfn._xlws.FILTER('Borrower Wise Details'!$P$5:$P$1003,('Borrower Wise Details'!$P$5:$P$1003<>"")*('Borrower Wise Details'!$P$5:$P$1003<>INDEX(_xlfn._xlws.FILTER('Borrower Wise Details'!$P$5:$P$1003,'Borrower Wise Details'!$P$5:$P$1003<>""),1))))), "" ), "" ) ) )} | Y5: Completed-Report Submitted | Z5: 46259 | AA5: 46261 | AE5: Mithun Lal Yadav | AF5: SF0038184 | AG5: 172 | AH5: {=IF(COUNTA('Loan Outstanding Report'!$BI$5:$BI$5964)=0,"",SUMPRODUCT(--(FREQUENCY(IF('Loan Outstanding Report'!$BI$5:$BI$5964<>"",MATCH('Loan Outstanding Report'!$S$5:$S$5964,'Loan Outstanding Report'!$S$5:$S$5964,0)),ROW('Loan Outstanding Report'!$S$5:$S$5964)-ROW('Loan Outstanding Report'!S5)+1)>0)))} -> 123 | AI5: {=IF(COUNTA('Borrower Wise Details'!$R$5:$R$1003)=0, "", IF('Physical Cash at Safe'!$D$28="Yes", 'Physical Cash at Safe'!$A$30 + SUM(SUMIFS('Borrower Wise Details'!$R$5:$R$1003, 'Borrower Wise Details'!$P$5:$P$1003, {"Collection Amount Misappropriated","Pre-Closure Amount Misappropriated","Disbursed Amount Recollected","Advance Collection Amount Misappropriated","Loan Amount Misappropriation"})), SUM(SUMIFS('Borrower Wise Details'!$R$5:$R$1003, 'Borrower Wise Details'!$P$5:$P$1003, {"Collection Amount Misappropriated","Pre-Closure Amount Misappropriated","Disbursed Amount Recollected","Advance Collection Amount Misappropriated","Loan Amount Misappropriation"})) ) )} -> 15050 | AJ5: {=IF(COUNTA('Borrower Wise Details'!$S$5:$S$1003)=0, "", IF('Physical Cash at Safe'!$D$28="Yes", 'Physical Cash at Safe'!$A$30 + SUM(SUMIFS('Borrower Wise Details'!$T$5:$T$1003, 'Borrower Wise Details'!$P$5:$P$1003, {"Collection Amount Misappropriated","Pre-Closure Amount Misappropriated","Disbursed Amount Recollected","Advance Collection Amount Misappropriated","Loan Amount Misappropriation"})), SUM(SUMIFS('Borrower Wise Details'!$S$5:$S$1003, 'Borrower Wise Details'!$P$5:$P$1003, {"Collection Amount Misappropriated","Pre-Closure Amount Misappropriated","Disbursed Amount Recollected","Advance Collection Amount Misappropriated","Loan Amount Misappropriation"})) ) )} -> 0 | AK5: {=IF(COUNTA('Borrower Wise Details'!$T$5:$T$1003)=0, "", IF('Physical Cash at Safe'!$D$28="Yes", 'Physical Cash at Safe'!$A$30 + SUM(SUMIFS('Borrower Wise Details'!$T$5:$T$1003, 'Borrower Wise Details'!$P$5:$P$1003, {"Collection Amount Misappropriated","Pre-Closure Amount Misappropriated","Disbursed Amount Recollected","Advance Collection Amount Misappropriated","Loan Amount Misappropriation"})), SUM(SUMIFS('Borrower Wise Details'!$T$5:$T$1003, 'Borrower Wise Details'!$P$5:$P$1003, {"Collection Amount Misappropriated","Pre-Closure Amount Misappropriated","Disbursed Amount Recollected","Advance Collection Amount Misappropriated","Loan Amount Misappropriation"})) ) )} -> 0 | AL5: =IFERROR(IF(COUNTA(AI:AK5)=0,"",AI5-(AJ5+AK5)),"") -> 15050 | AM5: {=IF(COUNTA('Borrower Wise Details'!$J$5:$J$1003)=0,"", SUMPRODUCT(--(FREQUENCY( IF(('Borrower Wise Details'!$J$5:$J$1003<>""),IF(ISNUMBER(SEARCH({"Collection Amount Misappropriated","Pre-Closure Amount Misappropriated","Disbursed Amount Recollected","Advance Collection Amount Misappropriated","Loan Amount Misappropriation"},'Borrower Wise Details'!$P$5:$P$1003)),MATCH('Borrower Wise Details'!$J$5:$J$1003,'Borrower Wise Details'!$J$5:$J$1003,0))), ROW('Borrower Wise Details'!$J$5:$J$1003)-ROW('Borrower Wise Details'!$J$5)+1)>0)))} -> 2 | AN5: 46269 | AO5: As Per Borrower & Digital Payments, LO Aashutosh Pradhan/SF0087885 has Collected From borrower Devki sao (Loan ID-350464227)2 EMI 4500*2 = Rs.9000/- on date 10-Nov-24 and 08-Dec-2024 and another Loan ID - 353838915 Collected 2 EMI 1680*2 = Rs.3360/- on date 10-Nov-24 and 08-Dec-2024 and He has also Collected at loan ID-356443255 from borrower Dileshwari 1 EMI 2690 on dated 02-Jan-25 Now Total fraud amount Rs15050 but LO Ashutosh Pradhan has Not posted in FIMO.

Sheet Physical Cash at Safe
A1: Spandana Sphoorty Financial Limited
B2: Fraud Risk Management Department
A3: Branch Code | B3: Branch Name | C3: Area | D3: Region | E3: Zone
A4: CHGL2136 | B4: Pussore | C4: Raigarh | D4: Champa | E4: Champa
A5: State | B5: FIMO Opening Balance Date (DD-MMM-YY) | C5: Denomination Register Date (DD-MMM-YY) | D5: Date of Verification (DD-MMM-YY) | E5: Time of Verification (24 Hrs.) (HH:MM)
A6: Chhattisgarh | B6: 46258 | C6: 46259 | D6: 46259 | E6: 0.79166667
A7: Physical Cash Verification Certificate
A8: Note Denomination | B8: Cash as per FIMO | D8: Cash as per Physical Verification
B9: Number | C9: Amount (Rs.) | D9: Number | E9: Amount (Rs.)
A10: 2000 | C10: =B10*A10 -> 0 | E10: =D10*A10 -> 0
A11: 500 | B11: 33 | C11: =B11*A11 -> 16500 | D11: 33 | E11: =D11*A11 -> 16500
A12: 200 | B12: 4 | C12: =B12*A12 -> 800 | D12: 4 | E12: =D12*A12 -> 800
A13: 100 | B13: 4 | C13: =B13*A13 -> 400 | D13: 4 | E13: =D13*A13 -> 400
A14: 50 | B14: 1 | C14: =B14*A14 -> 50 | D14: 1 | E14: =D14*A14 -> 50
A15: 20 | B15: 1 | C15: =B15*A15 -> 20 | D15: 1 | E15: =D15*A15 -> 20
A16: 10 | B16: 3 | C16: =B16*A16 -> 30 | D16: 3 | E16: =D16*A16 -> 30
A17: 5 | C17: =B17*A17 -> 0 | E17: =D17*A17 -> 0
A18: All Coins | B18: 15 | C18: =B18 -> 15 | D18: 15 | E18: =D18 -> 15
B19: Total | C19: =SUM(C10:C18) -> 17815 | D19: Total | E19: =SUM(E10:E18) -> 17815
A20: Denomination Register Opening Cash Balance | C20: 0 | D20: Petty Expenses
A21: Collection Amount | D21: Bank Deposit Amount
A22: Counter Fiet Notes (If Any) Mention Denomination in Remarks | D22: Availability of Deposit Slip (Drop Down)
A23: Difference (Excess/Short) | C23: =(C19+C21)-(E20+E21)-E19 -> 0 | D23: Digital payment in Branch staff personal a/c Amount
A24: Investigation Officer Remarks for the Differences
A25: Explanation provided by Branch Manager
A26: Physical Cash Siphoned Off Details
A27: Cash Siphoned Off by EMP Name | B27: Cash Siphoned Off by Emp ID | C27: Cash Siphoned Off by Emp Designation | D27: Cash Siphoned Off (Drop Down) | E27: Complaint Number
D28: No
A29: Cash Siphoned Off Amount (Gross Fraud) | B29: Recovery Amount | C29: Cash Siphoned Off Amount (Net Fraud) | D29: Cash Siphoned Off Details (Drop Down)
C30: =IF(AND(A30="",B30=""),"",A30-B30)
A32: Safe Keys Handled by (Drop Down) | B32: Dual Staff | C32: Updation of Key Register (Drop Down) | D32: Available & Updated
A33: "Right" Key Number | B33: G1 | C33: "Left" Key Number | D33: G2
A34: "Right" Key Holder Name (Physical) | B34: Phleshwar Mirri | C34: "Left" Key Holder Name (Physical) | D34: Dinanath Yadav
A35: "Right" Key Holder Emp ID (Physical) | B35: SF0053624 | C35: "Left" Key Holder Emp ID (Physical) | D35: SF0099850
A36: "Right" Key Holder Designation (Physical) | B36: BM | C36: "Left" Key Holder Designation (Physical) | D36: LO

Sheet Cash Embezzelment
A1: Spandana Sphoorty Financial Limited
A2: Fraud Risk Management Department
A3: Cash Embezzlement by Branch Staff | H3: Type of Fraud Amount
A4: Sr. No. | B4: Branch ID (Formula) | C4: Branch Name (Formula) | D4: Fradulent Staff Name (Formula) | E4: Fradulent Staff Emp ID (Formula) | F4: Fraudulent Staff Designation (Formula) | G4: Complaint Number (Formula) | H4: Safe Locker Cash Siphoned Off (Formula) | I4: Collection Amount Misappropriated (Formula) | J4: Pre-Closure Amount Misappropriated (Formula) | K4: Disbursed Amount Recollected (Formula) | L4: Advance Collection Amount Misappropriated (Formula) | M4: Loan Amount Misappropriation (Formula) | N4: Total Fraud Amount (Formula) | O4: Recovery Amount (Formula) | P4: Net Fraud Amount (Formula) | Q4: Fraud details of CDL Product (If Any) | R4: Police Complant/FIR Status (Drop Down)
A5: 1 | B5: =IF('Fraud Investigation Report'!C5="", "", 'Fraud Investigation Report'!C5) -> CHGL2136 | C5: =IF('Fraud Investigation Report'!D5="", "", 'Fraud Investigation Report'!D5) -> Pussore | D5: =IF(OR('Fraud Investigation Report'!R5="", 'Fraud Investigation Report'!R5=0), "", 'Fraud Investigation Report'!R5) -> Ashutosh Pradhan | E5: =IF(OR('Fraud Investigation Report'!T5="", 'Fraud Investigation Report'!T5=0), "", 'Fraud Investigation Report'!T5) -> SF0087885 | F5: =IF(OR('Fraud Investigation Report'!S5="", 'Fraud Investigation Report'!S5=0), "", 'Fraud Investigation Report'!S5) -> Credit Assistant | G5: =IF('Fraud Investigation Report'!J5="", "", 'Fraud Investigation Report'!J5) -> FN26-27-01160 | H5: =IF(OR(ISNUMBER(SEARCH("Safe Locker Cash Siphoned Off",'Fraud Investigation Report'!W5)), ISNUMBER(SEARCH("Safe Locker Cash Siphoned Off",'Fraud Investigation Report'!X5))), 'Physical Cash at Safe'!$A$30, "") | I5: =IF(OR(ISNUMBER(SEARCH("Collection Amount Misappropriated",'Fraud Investigation Report'!W5)), ISNUMBER(SEARCH("Collection Amount Misappropriated",'Fraud Investigation Report'!X5))), SUMIFS('Borrower Wise Details'!$R$5:$R$1003, 'Borrower Wise Details'!$P$5:$P$1003, "Collection Amount Misappropriated"), "" ) -> 15050 | J5: =IF(OR(ISNUMBER(SEARCH("Pre-Closure Amount Misappropriated",'Fraud Investigation Report'!W5)), ISNUMBER(SEARCH("Pre-Closure Amount Misappropriated",'Fraud Investigation Report'!X5))), SUMIFS('Borrower Wise Details'!$R$5:$R$1003, 'Borrower Wise Details'!$P$5:$P$1003, "Pre-Closure Amount Misappropriated"), "" ) | K5: =IF(OR(ISNUMBER(SEARCH("Disbursed Amount Recollected",'Fraud Investigation Report'!W5)), ISNUMBER(SEARCH("Disbursed Amount Recollected",'Fraud Investigation Report'!X5))), SUMIFS('Borrower Wise Details'!$R$5:$R$1003, 'Borrower Wise Details'!$P$5:$P$1003, "Disbursed Amount Recollected"), "" ) | L5: =IF(OR(ISNUMBER(SEARCH("Advance Collection Amount Misappropriated",'Fraud Investigation Report'!W5)),ISNUMBER(SEARCH("Advance Collection Amount Misappropriated",'Fraud Investigation Report'!X5))), SUMIFS('Borrower Wise Details'!$R$5:$R$1003,'Borrower Wise Details'!$P$5:$P$1003,"Advance Collection Amount Misappropriated"), "" ) | M5: =IF(OR(ISNUMBER(SEARCH("Loan Amount Misappropriation",'Fraud Investigation Report'!W5)), ISNUMBER(SEARCH("Loan Amount Misappropriation",'Fraud Investigation Report'!X5))), SUMIFS('Borrower Wise Details'!$R$5:$R$1003, 'Borrower Wise Details'!$P$5:$P$1003, "Loan Amount Misappropriation"), "" ) | N5: =SUM(H5:M5) -> 15050 | O5: =IFERROR('Fraud Investigation Report'!AJ5+'Fraud Investigation Report'!AK5,"") -> 0 | P5: =IF(AND(N5="", O5=""), "", IF(O5="", N5, N5 - IF(ISNUMBER(O5), O5, 0))) -> 15050

Sheet Borrower Wise Details
A1: Spandana Sphoorty Financial Limited
A2: Fraud Risk Management Department
A3: Borrower Wise Details Ver 1.2 | E3: Home | F3: Loan O/s Report | U3: Home | V3: Loan O/s Report
A4: Sr. No. | B4: Branch Code (Formula) | C4: Branch Name (Formula) | D4: Complaint No. (Formula from 2 row) | E4: Date of IO Visit (DD/MMM/YY) | F4: Fradulent Staff Name (Formula from 2 row) | G4: Fradulent Staff Emp. ID (Formula from 2 row) | H4: Fraudulent Staff Designation (Formula from 2 row) | I4: Center Number | J4: Customer ID | K4: Borrower Name | L4: Loan ID | M4: Date of Disbursement as per FIMO (DD/MM/YY) | N4: Disbursed Amount as per FIMO | O4: Installment Amount as per FIMO | P4: Type of Amount Collected (Drop Down) | Q4: Date of Collection (DD/MM/YY) | R4: Total Amount Collected (Gross Fraud) | S4: Amount Adjusted & Accounted in FIMO | T4: Amount Recovered But "Not" Accounted in FIMO | U4: Difference Amount (Net Fraud) (Formula) | V4: Availability of Evidence | W4: Remarks (If Applicable)
A5: 1 | B5: =IF('Loan Outstanding Report'!$G$5="", "", 'Loan Outstanding Report'!$G$5) -> CHGL2136 | C5: =IF('Loan Outstanding Report'!$H$5="", "", 'Loan Outstanding Report'!$H$5) -> Pussore | D5: FN26-27-01160 | E5: 46260 | F5: Ashutosh Pradhan | G5: SF0087885 | H5: Credit Assistant | I5: 21 | J5: CID050401246 | K5: DEVKI SAO | L5: 350464227 | M5: 44957 | N5: 83704 | O5: 4500 | P5: Collection Amount Misappropriated | Q5: 45606 | R5: 4500 | S5: 0 | T5: 0 | U5: =IF(AND(ISBLANK(R5),ISBLANK(S5),ISBLANK(T5)),"",R5-(S5+T5)) -> 4500 | V5: Digital Payment | W5: As Per Borrower & Digital Payments, LO Aashutosh Pradhan/SF0087885 has Collected EMI Rs.4500/- on date 10-Nov-24 but LO-Ashutosh pradhan Not posted in FIMO.
A6: 2 | B6: =IF(J6<>"", $B$5, "") -> CHGL2136 | C6: =IF(J6<>"", $C$5, "") -> Pussore | D6: =IF(J6<>"", $D$5, "") -> FN26-27-01160 | E6: 46260 | F6: =IF(J6<>"", $F$5, "") -> Ashutosh Pradhan | G6: =IF(J6<>"", $G$5, "") -> SF0087885 | H6: =IF(J6<>"", $H$5, "") -> Credit Assistant | I6: 21 | J6: CID050401246 | K6: DEVKI SAO | L6: 350464227 | M6: 44957 | N6: 83704 | O6: 4500 | P6: Collection Amount Misappropriated | Q6: 45634 | R6: 4500 | S6: 0 | T6: 0 | U6: =IF(AND(ISBLANK(R6),ISBLANK(S6),ISBLANK(T6)),"",R6-(S6+T6)) -> 4500 | V6: Digital Payment | W6: As Per Borrower & Digital Payments, LO Aashutosh Pradhan/SF0087885 has Collected EMI Rs.4500/- on dated 08-Dec-2024 but LO-Ashutosh pradhan Not posted in FIMO.
A7: 3 | B7: =IF(J7<>"", $B$5, "") -> CHGL2136 | C7: =IF(J7<>"", $C$5, "") -> Pussore | D7: =IF(J7<>"", $D$5, "") -> FN26-27-01160 | E7: 46260 | F7: =IF(J7<>"", $F$5, "") -> Ashutosh Pradhan | G7: =IF(J7<>"", $G$5, "") -> SF0087885 | H7: =IF(J7<>"", $H$5, "") -> Credit Assistant | I7: 21 | J7: CID050401246 | K7: DEVKI SAO | L7: 353838915 | M7: 45255 | N7: 25000 | O7: 1680 | P7: Collection Amount Misappropriated | Q7: 45606 | R7: 1680 | S7: 0 | T7: 0 | U7: =IF(AND(ISBLANK(R7),ISBLANK(S7),ISBLANK(T7)),"",R7-(S7+T7)) -> 1680 | V7: Digital Payment | W7: As Per Borrower & Digital Payments, LO Aashutosh Pradhan/SF0087885 has Collected EMI Rs.1680/- on dated 10-Nov-24 but LO-Ashutosh pradhan Not posted in FIMO.
A8: 4 | B8: =IF(J8<>"", $B$5, "") -> CHGL2136 | C8: =IF(J8<>"", $C$5, "") -> Pussore | D8: =IF(J8<>"", $D$5, "") -> FN26-27-01160 | E8: 46260 | F8: =IF(J8<>"", $F$5, "") -> Ashutosh Pradhan | G8: =IF(J8<>"", $G$5, "") -> SF0087885 | H8: =IF(J8<>"", $H$5, "") -> Credit Assistant | I8: 21 | J8: CID050401246 | K8: DEVKI SAO | L8: 353838915 | M8: 45255 | N8: 25000 | O8: 1680 | P8: Collection Amount Misappropriated | Q8: 45634 | R8: 1680 | S8: 0 | T8: 0 | U8: =IF(AND(ISBLANK(R8),ISBLANK(S8),ISBLANK(T8)),"",R8-(S8+T8)) -> 1680 | V8: Digital Payment | W8: As Per Borrower & Digital Payments, LO Aashutosh Pradhan/SF0087885 has Collected EMI Rs.1680/- on dated 08-Dec-2024 but LO-Ashutosh pradhan Not posted in FIMO.
A9: 5 | B9: =IF(J9<>"", $B$5, "") -> CHGL2136 | C9: =IF(J9<>"", $C$5, "") -> Pussore | D9: =IF(J9<>"", $D$5, "") -> FN26-27-01160 | E9: 46260 | F9: =IF(J9<>"", $F$5, "") -> Ashutosh Pradhan | G9: =IF(J9<>"", $G$5, "") -> SF0087885 | H9: =IF(J9<>"", $H$5, "") -> Credit Assistant | I9: 16 | J9: SSF4242106 | K9: DILESHWARI YADAV | L9: 356443255 | M9: 45399 | N9: 40000 | O9: 2690 | P9: Collection Amount Misappropriated | Q9: 45659 | R9: 2690 | S9: 0 | T9: 0 | U9: =IF(AND(ISBLANK(R9),ISBLANK(S9),ISBLANK(T9)),"",R9-(S9+T9)) -> 2690 | V9: Loan Card | W9: As Per Borrower Loan Card, LO Ashutosh Pradhan /SF0087885 has Collected at loan ID-356443255 from borrower Dileshwari 1 EMI 2690 on dated 02-Jan-25 but LO Ashutosh has Not posted in FIMO.
A10: 6 | B10: =IF(J10<>"", $B$5, "") | C10: =IF(J10<>"", $C$5, "") | D10: =IF(J10<>"", $D$5, "") | F10: =IF(J10<>"", $F$5, "") | G10: =IF(J10<>"", $G$5, "") | H10: =IF(J10<>"", $H$5, "") | U10: =IF(AND(ISBLANK(R10),ISBLANK(S10),ISBLANK(T10)),"",R10-(S10+T10))
A11: 7 | B11: =IF(J11<>"", $B$5, "") | C11: =IF(J11<>"", $C$5, "") | D11: =IF(J11<>"", $D$5, "") | F11: =IF(J11<>"", $F$5, "") | G11: =IF(J11<>"", $G$5, "") | H11: =IF(J11<>"", $H$5, "") | U11: =IF(AND(ISBLANK(R11),ISBLANK(S11),ISBLANK(T11)),"",R11-(S11+T11))
A12: 8 | B12: =IF(J12<>"", $B$5, "") | C12: =IF(J12<>"", $C$5, "") | D12: =IF(J12<>"", $D$5, "") | F12: =IF(J12<>"", $F$5, "") | G12: =IF(J12<>"", $G$5, "") | H12: =IF(J12<>"", $H$5, "") | U12: =IF(AND(ISBLANK(R12),ISBLANK(S12),ISBLANK(T12)),"",R12-(S12+T12))
A13: 9 | B13: =IF(J13<>"", $B$5, "") | C13: =IF(J13<>"", $C$5, "") | D13: =IF(J13<>"", $D$5, "") | F13: =IF(J13<>"", $F$5, "") | G13: =IF(J13<>"", $G$5, "") | H13: =IF(J13<>"", $H$5, "") | U13: =IF(AND(ISBLANK(R13),ISBLANK(S13),ISBLANK(T13)),"",R13-(S13+T13))
A14: 10 | B14: =IF(J14<>"", $B$5, "") | C14: =IF(J14<>"", $C$5, "") | D14: =IF(J14<>"", $D$5, "") | F14: =IF(J14<>"", $F$5, "") | G14: =IF(J14<>"", $G$5, "") | H14: =IF(J14<>"", $H$5, "") | U14: =IF(AND(ISBLANK(R14),ISBLANK(S14),ISBLANK(T14)),"",R14-(S14+T14))
A15: 11 | B15: =IF(J15<>"", $B$5, "") | C15: =IF(J15<>"", $C$5, "") | D15: =IF(J15<>"", $D$5, "") | F15: =IF(J15<>"", $F$5, "") | G15: =IF(J15<>"", $G$5, "") | H15: =IF(J15<>"", $H$5, "") | U15: =IF(AND(ISBLANK(R15),ISBLANK(S15),ISBLANK(T15)),"",R15-(S15+T15))
A16: 12 | B16: =IF(J16<>"", $B$5, "") | C16: =IF(J16<>"", $C$5, "") | D16: =IF(J16<>"", $D$5, "") | F16: =IF(J16<>"", $F$5, "") | G16: =IF(J16<>"", $G$5, "") | H16: =IF(J16<>"", $H$5, "") | U16: =IF(AND(ISBLANK(R16),ISBLANK(S16),ISBLANK(T16)),"",R16-(S16+T16))
A17: 13 | B17: =IF(J17<>"", $B$5, "") | C17: =IF(J17<>"", $C$5, "") | D17: =IF(J17<>"", $D$5, "") | F17: =IF(J17<>"", $F$5, "") | G17: =IF(J17<>"", $G$5, "") | H17: =IF(J17<>"", $H$5, "") | U17: =IF(AND(ISBLANK(R17),ISBLANK(S17),ISBLANK(T17)),"",R17-(S17+T17))
A18: 14 | B18: =IF(J18<>"", $B$5, "") | C18: =IF(J18<>"", $C$5, "") | D18: =IF(J18<>"", $D$5, "") | F18: =IF(J18<>"", $F$5, "") | G18: =IF(J18<>"", $G$5, "") | H18: =IF(J18<>"", $H$5, "") | U18: =IF(AND(ISBLANK(R18),ISBLANK(S18),ISBLANK(T18)),"",R18-(S18+T18))
A19: 15 | B19: =IF(J19<>"", $B$5, "") | C19: =IF(J19<>"", $C$5, "") | D19: =IF(J19<>"", $D$5, "") | F19: =IF(J19<>"", $F$5, "") | G19: =IF(J19<>"", $G$5, "") | H19: =IF(J19<>"", $H$5, "") | U19: =IF(AND(ISBLANK(R19),ISBLANK(S19),ISBLANK(T19)),"",R19-(S19+T19))
A20: 16 | B20: =IF(J20<>"", $B$5, "") | C20: =IF(J20<>"", $C$5, "") | D20: =IF(J20<>"", $D$5, "") | F20: =IF(J20<>"", $F$5, "") | G20: =IF(J20<>"", $G$5, "") | H20: =IF(J20<>"", $H$5, "") | U20: =IF(AND(ISBLANK(R20),ISBLANK(S20),ISBLANK(T20)),"",R20-(S20+T20))
A21: 17 | B21: =IF(J21<>"", $B$5, "") | C21: =IF(J21<>"", $C$5, "") | D21: =IF(J21<>"", $D$5, "") | F21: =IF(J21<>"", $F$5, "") | G21: =IF(J21<>"", $G$5, "") | H21: =IF(J21<>"", $H$5, "") | U21: =IF(AND(ISBLANK(R21),ISBLANK(S21),ISBLANK(T21)),"",R21-(S21+T21))
... A103: 99 | B103: =IF(J103<>"", $B$5, "") | C103: =IF(J103<>"", $C$5, "") | D103: =IF(J103<>"", $D$5, "") | F103: =IF(J103<>"", $F$5, "") | G103: =IF(J103<>"", $G$5, "") | H103: =IF(J103<>"", $H$5, "") | U103: =IF(AND(ISBLANK(R103),ISBLANK(S103),ISBLANK(T103)),"",R103-(S103+T103))
A104: 100 | B104: =IF(J104<>"", $B$5, "") | H104: =IF(J104<>"", $H$5, "") | U104: =IF(AND(ISBLANK(R104),ISBLANK(S104),ISBLANK(T104)),"",R104-(S104+T104))
A105: 101 | U105: =IF(AND(ISBLANK(R105),ISBLANK(S105),ISBLANK(T105)),"",R105-(S105+T105))
A106: 102 | U106: =IF(AND(ISBLANK(R106),ISBLANK(S106),ISBLANK(T106)),"",R106-(S106+T106))
A107: 103 | U107: =IF(AND(ISBLANK(R107),ISBLANK(S107),ISBLANK(T107)),"",R107-(S107+T107))
A108: 104 | U108: =IF(AND(ISBLANK(R108),ISBLANK(S108),ISBLANK(T108)),"",R108-(S108+T108))
A109: 105 | U109: =IF(AND(ISBLANK(R109),ISBLANK(S109),ISBLANK(T109)),"",R109-(S109+T109))
A110: 106 | U110: =IF(AND(ISBLANK(R110),ISBLANK(S110),ISBLANK(T110)),"",R110-(S110+T110))
A111: 107 | U111: =IF(AND(ISBLANK(R111),ISBLANK(S111),ISBLANK(T111)),"",R111-(S111+T111))
A112: 108 | U112: =IF(AND(ISBLANK(R112),ISBLANK(S112),ISBLANK(T112)),"",R112-(S112+T112))
A113: 109 | U113: =IF(AND(ISBLANK(R113),ISBLANK(S113),ISBLANK(T113)),"",R113-(S113+T113))
A114: 110 | U114: =IF(AND(ISBLANK(R114),ISBLANK(S114),ISBLANK(T114)),"",R114-(S114+T114))
A115: 111 | U115: =IF(AND(ISBLANK(R115),ISBLANK(S115),ISBLANK(T115)),"",R115-(S115+T115))
A116: 112 | U116: =IF(AND(ISBLANK(R116),ISBLANK(S116),ISBLANK(T116)),"",R116-(S116+T116))
... A1003: 999 | U1003: =IF(AND(ISBLANK(R1003),ISBLANK(S1003),ISBLANK(T1003)),"",R1003-(S1003+T1003))

Sheet Loan Outstanding Report
A1: From Date :25-Aug-2026
A2: To Date :25-Aug-2026
A3: Reporting Time : 10:21 AM | BG3: Home | BH3: Borrower Wise Details | BP3: Home | BQ3: Borrower Wise Details
A4: S No | B4: Zone | C4: State | D4: Region | E4: Area | F4: Cluster | G4: Branch Code | H4: Branch | I4: Village Id | J4: Village | K4: Village ID | L4: CSR EMP ID | M4: CSR NAME | N4: Center Id | O4: Center Number | P4: Group ID | Q4: Group Name | R4: Product Name | S4: Cust ID | T4: UCIC | U4: Caste | V4: Religion | W4: PPI Score | X4: Loan purpose | Y4: Loan No. | Z4: Customer Name | AA4: Disb date | AB4: Loan Amount | AC4: Center Meeting Date | AD4: No of Instalments | AE4: Loan Cycle | AF4: Vintage | AG4: Client Formation Date | AH4: Vintage Bracket | AI4: First Installment Date | AJ4: First EMI amount | AK4: Second EMI amount | AL4: Last Repaid Date | AM4: Principal Collection | AN4: Interest Collection | AO4: Total Collection | AP4: Outstanding Principal | AQ4: Outstanding Interest | AR4: Outstanding Total | AS4: Over Due Prin | AT4: Over Due Int | AU4: Over Due Total | AV4: No of Installments Paid | AW4: OD days | AX4: Ageing Bucket | AY4: Last Prepayment Date | AZ4: Prepayment Prin | BA4: Prepayment Interest | BB4: Loan Status | BC4: Death Flag | BD4: Woff date | BE4: Woff Amount | BF4: Ucic | BG4: Borrower Mobile Number | BH4: IO Staff Name/ID (Ex: Ganesh/SF0072845) | BI4: Verification Status (Drop Down) | BJ4: IO Visited Date (DD-MMM-YY) | BK4: Availability of Borrower (Dropdown) | BL4: Confirmed By (Drop Down) | BM4: Availability of Loan Card (Drop Down) | BN4: Cash Misappropriation Status (Drop Down) | BO4: Total Fraud Amount | BP4: Availability of Evidence (Drop Down) | BQ4: Remarks
A5: 1 | B5: East | C5: Chhattisgarh | D5: Champa | E5: Raigarh | F5: Raigarh | G5: CHGL2136 | H5: Pussore | I5: 36165 | J5: Kodpali | K5: 36165 | L5: SF0059997 | M5: Jay Prakash Ratre | N5: 54073 | O5: 475573 | P5: 79344 | Q5: PREM | R5: Abhilasha - JLG Loans-BiWeekly-Migrated | S5: SID951373880176 | T5: SID951373880176 | U5: EBC | V5: MUSLIM | W5: 0 | X5: Agriculture & Farming | Y5: 12205632 | Z5: MAJBUN NISHA | AA5: 20-Jun-2018 | AB5: 31074 | AC5: 03 | AD5: 55 | AE5: 1 | AF5: 8.19 Yrs | AG5: 20 Jun 2018 | AH5: > 6 to 10 Years | AI5: 20-Jun-2018 | AJ5: 0 | AK5: 0 | AL5: 31-Mar-2022 | AM5: 30609.1 | AN5: 14.98 | AO5: 30624.08 | AP5: 681.9 | AQ5: 0 | AR5: 681.9 | AS5: 682.19 | AT5: 0 | AU5: 682.19 | AV5: 117 | BB5: Open | BD5: 31-Dec-2021 | BE5: 31074 | BF5: SID951373880176 | BG5: 7869081216 | BH5: Mithun Lal Yadav/SF0038184 | BI5: Visited | BJ5: 46261 | BK5: Borrower Available | BL5: Borrower | BM5: Available | BN5: No | BQ5: No issue
A6: 2 | B6: East | C6: Chhattisgarh | D6: Champa | E6: Raigarh | F6: Raigarh | G6: CHGL2136 | H6: Pussore | I6: 36178 | J6: Rengal Pali | K6: 36178 | L6: SF0097262 | M6: Gagan Bihari Seth | N6: 54087 | O6: 183 | P6: 79358 | Q6: Laxmi-4 | R6: Abhilasha - JLG Loans-BiWeekly-Migrated | S6: SID951374074669 | T6: SID951374074669 | U6: ST | V6: HINDU | W6: 0 | X6: Agriculture & Farming | Y6: 12547928 | Z6: SUMITA | AA6: 01-Aug-2018 | AB6: 31074 | AC6: 03 | AD6: 55 | AE6: 1 | AF6: 8.07 Yrs | AG6: 01 Aug 2018 | AH6: > 6 to 10 Years | AI6: 01-Aug-2018 | AJ6: 0 | AK6: 0 | AL6: 31-Mar-2022 | AM6: 29420.63 | AN6: 42.07 | AO6: 29462.7 | AP6: 1674.37 | AQ6: 0 | AR6: 1674.37 | AS6: 1674.57 | AT6: 0 | AU6: 1674.57 | AV6: 117 | BB6: Open | BD6: 31-Dec-2021 | BE6: 31074 | BF6: SID951374074669 | BG6: 9922345358 | BH6: Mithun Lal Yadav/SF0038184 | BI6: Visited | BJ6: 46261 | BK6: Borrower Not Available | BL6: Other Borrower | BM6: Not Available | BN6: NA | BQ6: Loan card not available
A7: 3 | B7: East | C7: Chhattisgarh | D7: Champa | E7: Raigarh | F7: Raigarh | G7: CHGL2136 | H7: Pussore | I7: 36202 | J7: Ruchida | K7: 36202 | L7: SF0099850 | M7: Dina Nath | N7: 54117 | O7: 491961 | P7: 79389 | Q7: ganga | R7: Abhilasha - JLG Loans-Monthly-Migrated | S7: SID951374258794 | T7: SID951374258794 | U7: ST | V7: HINDU | W7: 0 | X7: Ration shop | Y7: 12987121 | Z7: KUNTI | AA7: 21-Sep-2018 | AB7: 31074 | AC7: 07 | AD7: 55 | AE7: 1 | AF7: 7.93 Yrs | AG7: 21 Sep 2018 | AH7: > 6 to 10 Years | AI7: 21-Sep-2018 | AL7: 30-Sep-2021 | AM7: 31074 | AN7: 0 | AO7: 31074 | AP7: 1233.87 | AQ7: 0 | AR7: 1233.87 | AS7: 0 | AT7: 0 | AU7: 0 | BB7: Open | BD7: 31-Mar-2024 | BE7: 31074 | BF7: SID951374258794 | BG7: 8349676211 | BH7: Mithun Lal Yadav/SF0038184 | BI7: Visited | BJ7: 46261 | BK7: Borrower Not Available | BL7: Other Borrower | BM7: Not Available | BN7: NA | BQ7: Loan card not available
A8: 4 | B8: East | C8: Chhattisgarh | D8: Champa | E8: Raigarh | F8: Raigarh | G8: CHGL2136 | H8: Pussore | I8: 36202 | J8: Ruchida | K8: 36202 | L8: SF0099850 | M8: Dina Nath | N8: 54117 | O8: 491961 | P8: 79389 | Q8: ganga | R8: Abhilasha - JLG Loans-Monthly-Migrated | S8: SID951374289463 | T8: SID951374289463 | U8: SC | V8: HINDU | W8: 0 | X8: Agriculture & Farming | Y8: 13062796 | Z8: PUNIMATI | AA8: 29-Sep-2018 | AB8: 31074 | AC8: 07 | AD8: 55 | AE8: 1 | AF8: 7.91 Yrs | AG8: 29 Sep 2018 | AH8: > 6 to 10 Years | AI8: 29-Sep-2018 | AL8: 24-Apr-2024 | AM8: 31099.21 | AN8: 0 | AO8: 31099.21 | AP8: 319.2 | AQ8: 0 | AR8: 319.2 | AS8: 0 | AT8: 0 | AU8: 0 | BB8: Open | BD8: 30-Jun-2022 | BE8: 31074 | BF8: SID951374289463 | BG8: 9630463266 | BH8: Mithun Lal Yadav/SF0038184 | BI8: Visited | BJ8: 46261 | BK8: Borrower Not Available | BL8: Other Borrower | BM8: Not Available | BN8: NA | BQ8: Loan card not available
A9: 5 | B9: East | C9: Chhattisgarh | D9: Champa | E9: Raigarh | F9: Raigarh | G9: CHGL2136 | H9: Pussore | I9: 36178 | J9: Rengal Pali | K9: 36178 | L9: SF0097262 | M9: Gagan Bihari Seth | N9: 54087 | O9: 183 | P9: 79358 | Q9: Laxmi-4 | R9: Abhilasha - JLG Loans-BiWeekly-Migrated | S9: CID050402265 | T9: CID050402265 | U9: SC | V9: HINDU | W9: 0 | X9: Agriculture & Farming | Y9: 13100814 | Z9: PRABHASHINI | AA9: 29-Sep-2018 | AB9: 51790 | AC9: 03 | AD9: 56 | AE9: 7 | AF9: 12.44 Yrs | AG9: 29 Sep 2018 | AH9: > 10 Years | AI9: 29-Sep-2018 | AJ9: 0 | AK9: 0 | AL9: 26-Dec-2023 | AM9: 40726.59 | AN9: 0 | AO9: 40726.59 | AP9: 11637.41 | AQ9: 0 | AR9: 11637.41 | AS9: 11637.59 | AT9: 0 | AU9: 11637.59 | AV9: 118 | BB9: Open | BD9: 31-Mar-2022 | BE9: 51790 | BF9: CID050402265 | BG9: 9098815212 | BH9: Mithun Lal Yadav/SF0038184 | BI9: Visited | BJ9: 46261 | BK9: Borrower Death | BL9: Borrower Family Member | BM9: Not Available | BN9: NA | BQ9: Borrower death
A10: 6 | B10: East | C10: Chhattisgarh | D10: Champa | E10: Raigarh | F10: Raigarh | G10: CHGL2136 | H10: Pussore | I10: 36178 | J10: Rengal Pali | K10: 36178 | L10: SF0097262 | M10: Gagan Bihari Seth | N10: 54087 | O10: 183 | P10: 79358 | Q10: Laxmi-4 | R10: Abhilasha - JLG Loans-Monthly-Migrated | S10: SID951372943778 | T10: SID951372943778 | U10: ST | V10: HINDU | W10: 0 | X10: Agriculture & Farming | Y10: 13109677 | Z10: Sukmati | AA10: 01-Oct-2018 | AB10: 41432 | AC10: 03 | AD10: 55 | AE10: 2 | AF10: 9.06 Yrs | AG10: 01 Oct 2018 | AH10: > 6 to 10 Years | AI10: 01-Oct-2018 | AJ10: 1250 | AK10: 1250 | AL10: 31-Mar-2022 | AM10: 39224.07 | AN10: 80 | AO10: 39304.07 | AP10: 2313.84 | AQ10: 31.04 | AR10: 2344.88 | AS10: 2269.93 | AT10: 31.04 | AU10: 2300.97 | AV10: 57 | BB10: Open | BE10: 0 | BF10: SID951372943778 | BG10: 9893036941 | BH10: Mithun Lal Yadav/SF0038184 | BI10: Visited | BJ10: 46261 | BK10: Borrower Not Available | BL10: Other Borrower | BM10: Not Available | BN10: NA | BQ10: Loan card not available
A11: 7 | B11: East | C11: Chhattisgarh | D11: Champa | E11: Raigarh | F11: Raigarh | G11: CHGL2136 | H11: Pussore | I11: 36178 | J11: Rengal Pali | K11: 36178 | L11: SF0097262 | M11: Gagan Bihari Seth | N11: 54087 | O11: 183 | P11: 79377 | Q11: ganesh | R11: Abhilasha - JLG Loans-Monthly-Migrated | S11: CID050408159 | T11: CID050408159 | U11: SC | V11: HINDU | W11: 0 | X11: Agriculture & Farming | Y11: 13111378 | Z11: MUKTA | AA11: 01-Oct-2018 | AB11: 51790 | AC11: 03 | AD11: 56 | AE11: 5 | AF11: 10.12 Yrs | AG11: 01 Oct 2018 | AH11: > 10 Years | AI11: 01-Oct-2018 | AJ11: 1545 | AK11: 1428 | AL11: 26-Dec-2023 | AM11: 49926.26 | AN11: 50 | AO11: 49976.26 | AP11: 2312.53 | AQ11: 18.77 | AR11: 2331.3 | AS11: 1920.74 | AT11: 18.77 | AU11: 1939.51 | AV11: 57 | BB11: Open | BE11: 0 | BF11: CID050408159 | BG11: 6370269592 | BH11: Mithun Lal Yadav/SF0038184 | BI11: Visited | BJ11: 46261 | BK11: Borrower Not Available | BL11: Other Borrower | BM11: Not Available | BN11: NA | BQ11: Loan card not available
A12: 8 | B12: East | C12: Chhattisgarh | D12: Champa | E12: Raigarh | F12: Raigarh | G12: CHGL2136 | H12: Pussore | I12: 36226 | J12: Kensara | K12: 36226 | L12: SF0097262 | M12: Gagan Bihari Seth | N12: 54151 | O12: 63019 | P12: 79429 | Q12: 130949 | R12: Abhilasha - JLG Loans-BiWeekly-Migrated | S12: CID050401244 | T12: CID050401244 | U12: ST | V12: HINDU | W12: 0 | X12: Agriculture & Farming | Y12: 13337442 | Z12: SHURUVAL KHADIYA | AA12: 30-Oct-2018 | AB12: 51790 | AC12: Thu | AD12: 56 | AE12: 7 | AF12: 12.68 Yrs | AG12: 30 Oct 2018 | AH12: > 10 Years | AI12: 30-Oct-2018 | AJ12: 0 | AK12: 0 | AL12: 26-Dec-2023 | AM12: 50660.11 | AN12: 15.07 | AO12: 50675.18 | AP12: 1243.89 | AQ12: 0 | AR12: 1243.89 | AS12: 1244.84 | AT12: 0 | AU12: 1244.84 | AV12: 118 | BB12: Open | BD12: 31-Mar-2023 | BE12: 51790 | BF12: CID050401244 | BG12: 7724909983 | BH12: Mithun Lal Yadav/SF0038184 | BI12: Visited | BJ12: 46260 | BK12: Borrower Available | BL12: Borrower | BM12: Not Available | BN12: NA | BQ12: Agree to Paid
A13: 9 | B13: East | C13: Chhattisgarh | D13: Champa | E13: Raigarh | F13: Raigarh | G13: CHGL2136 | H13: Pussore | I13: 36165 | J13: Kodpali | K13: 36165 | L13: SF0059997 | M13: Jay Prakash Ratre | N13: 54158 | O13: 80 | P13: 79436 | Q13: Laxmi | R13: Abhilasha - JLG Loans-Monthly-Migrated | S13: SID951372815405 | T13: SID951372815405 | U13: ST | V13: HINDU | W13: 0 | X13: Agriculture & Farming | Y13: 13388568 | Z13: PRATIMA | AA13: 18-Nov-2018 | AB13: 31074 | AC13: 03 | AD13: 55 | AE13: 2 | AF13: 9.43 Yrs | AG13: 18 Nov 2018 | AH13: > 6 to 10 Years | AI13: 18-Nov-2018 | AJ13: 935 | AK13: 935 | AL13: 26-Dec-2023 | AM13: 23044.26 | AN13: 144.17 | AO13: 23188.43 | AP13: 9436.62 | AQ13: 724.68 | AR13: 10161.3 | AS13: 8690.74 | AT13: 724.68 | AU13: 9415.42 | AV13: 60 | BB13: Open | BD13: 31-Mar-2023 | BE13: 31074 | BF13: SID951372815405 | BG13: 6268547676 | BH13: Mithun Lal Yadav/SF0038184 | BI13: Visited | BJ13: 46261 | BK13: Borrower Not Available | BL13: Other Borrower | BM13: Not Available | BN13: NA | BQ13: Not Agree to Paid
A14: 10 | B14: East | C14: Chhattisgarh | D14: Champa | E14: Raigarh | F14: Raigarh | G14: CHGL2136 | H14: Pussore | I14: 36165 | J14: Kodpali | K14: 36165 | L14: SF0059997 | M14: Jay Prakash Ratre | N14: 54158 | O14: 80 | P14: 79436 | Q14: Laxmi | R14: Abhilasha - JLG Loans-Monthly-Migrated | S14: SID2125312775 | T14: SID2125312775 | U14: ST | V14: HINDU | W14: 0 | X14: Agriculture & Farming | Y14: 13389328 | Z14: TILOTAMA | AA14: 03-Nov-2018 | AB14: 41432 | AC14: 03 | AD14: 55 | AE14: 3 | AF14: 10.39 Yrs | AG14: 03 Nov 2018 | AH14: > 10 Years | AI14: 03-Nov-2018 | AJ14: 1250 | AK14: 1250 | AL14: 27-Dec-2023 | AM14: 27635.81 | AN14: 302.71 | AO14: 27938.52 | AP14: 17166.8 | AQ14: 1833.31 | AR14: 19000.11 | AS14: 15273.19 | AT14: 1833.31 | AU14: 17106.5 | AV14: 60 | BB14: Open | BD14: 31-Mar-2023 | BE14: 41432 | BF14: SID2125312775 | BG14: 8827019453 | BH14: Mithun Lal Yadav/SF0038184 | BI14: Visited | BJ14: 46261 | BK14: Borrower Available | BL14: Borrower | BM14: Not Available | BN14: NA | BQ14: borrower Not agree to paid
A15: 11 | B15: East | C15: Chhattisgarh | D15: Champa | E15: Raigarh | F15: Raigarh | G15: CHGL2136 | H15: Pussore | I15: 36165 | J15: Kodpali | K15: 36165 | L15: SF0059997 | M15: Jay Prakash Ratre | N15: 54158 | O15: 80 | P15: 79436 | Q15: Laxmi | R15: Abhilasha - JLG Loans-Monthly-Migrated | S15: SID951372815403 | T15: SID951372815403 | U15: EBC | V15: HINDU | W15: 0 | X15: Agriculture & Farming | Y15: 13390177 | Z15: PUSHPA | AA15: 03-Nov-2018 | AB15: 41432 | AC15: 03 | AD15: 55 | AE15: 2 | AF15: 9.43 Yrs | AG15: 03 Nov 2018 | AH15: > 6 to 10 Years | AI15: 03-Nov-2018 | AJ15: 1250 | AK15: 1250 | AL15: 14-Sep-2023 | AM15: 31662.39 | AN15: 183.91 | AO15: 31846.3 | AP15: 11473.38 | AQ15: 871.17 | AR15: 12344.55 | AS15: 10549.61 | AT15: 871.17 | AU15: 11420.78 | AV15: 60 | BB15: Open | BD15: 31-Mar-2023 | BE15: 41432 | BF15: SID951372815403 | BG15: 8827097129 | BH15: Mithun Lal Yadav/SF0038184 | BI15: Visited | BJ15: 46261 | BK15: Borrower Available | BL15: Borrower | BM15: Not Available | BN15: NA | BQ15: borrower Not agree to paid
A16: 12 | B16: East | C16: Chhattisgarh | D16: Champa | E16: Raigarh | F16: Raigarh | G16: CHGL2136 | H16: Pussore | I16: 36165 | J16: Kodpali | K16: 36165 | L16: SF0059997 | M16: Jay Prakash Ratre | N16: 54158 | O16: 80 | P16: 79436 | Q16: Laxmi | R16: Abhilasha - JLG Loans-Monthly-Migrated | S16: SID2125315181 | T16: SID2125315181 | U16: EBC | V16: HINDU | W16: 0 | X16: Agriculture & Farming | Y16: 13390178 | Z16: MEENA | AA16: 03-Nov-2018 | AB16: 41432 | AC16: 03 | AD16: 55 | AE16: 3 | AF16: 10.39 Yrs | AG16: 03 Nov 2018 | AH16: > 10 Years | AI16: 03-Nov-2018 | AJ16: 1250 | AK16: 1250 | AL16: 14-Sep-2023 | AM16: 34404.69 | AN16: 18.49 | AO16: 34423.18 | AP16: 8520.36 | AQ16: 548.08 | AR16: 9068.44 | AS16: 7597.31 | AT16: 548.08 | AU16: 8145.39 | AV16: 60 | BB16: Open | BD16: 31-Mar-2023 | BE16: 41432 | BF16: SID2125315181 | BG16: 8356001583 | BH16: Mithun Lal Yadav/SF0038184 | BI16: Visited | BJ16: 46261 | BK16: Borrower Available | BL16: Borrower | BM16: Not Available | BN16: NA | BQ16: Agree to Paid
A17: 13 | B17: East | C17: Chhattisgarh | D17: Champa | E17: Raigarh | F17: Raigarh | G17: CHGL2136 | H17: Pussore | I17: 36165 | J17: Kodpali | K17: 36165 | L17: SF0059997 | M17: Jay Prakash Ratre | N17: 54158 | O17: 80 | P17: 79436 | Q17: Laxmi | R17: Abhilasha - JLG Loans-BiWeekly-Migrated | S17: SID2125312905 | T17: SID2125312905 | U17: ST | V17: HINDU | W17: 0 | X17: Fish Vending | Y17: 13390180 | Z17: PADMA | AA17: 03-Nov-2018 | AB17: 51790 | AC17: 03 | AD17: 56 | AE17: 3 | AF17: 10.39 Yrs | AG17: 03 Nov 2018 | AH17: > 10 Years | AI17: 03-Nov-2018 | AJ17: 0 | AK17: 0 | AL17: 28-Dec-2021 | AM17: 37752.2 | AN17: 150 | AO17: 37902.2 | AP17: 16461.8 | AQ17: 1034.29 | AR17: 17496.09 | AS17: 16462.52 | AT17: 1034.29 | AU17: 17496.81 | AV17: 106 | BB17: Open | BD17: 31-Mar-2022 | BE17: 51790 | BF17: SID2125312905 | BG17: 9109302524 | BH17: Mithun Lal Yadav/SF0038184 | BI17: Visited | BJ17: 46261 | BK17: Borrower Available | BL17: Borrower | BM17: Not Available | BN17: NA | BQ17: Agree to Paid
A18: 14 | B18: East | C18: Chhattisgarh | D18: Champa | E18: Raigarh | F18: Raigarh | G18: CHGL2136 | H18: Pussore | I18: 36165 | J18: Kodpali | K18: 36165 | L18: SF0059997 | M18: Jay Prakash Ratre | N18: 54158 | O18: 80 | P18: 79436 | Q18: Laxmi | R18: Abhilasha - JLG Loans-BiWeekly-Migrated | S18: SID2125312887 | T18: SID2125312887 | U18: SC | V18: HINDU | W18: 0 | X18: Fish Vending | Y18: 13390182 | Z18: Mathura | AA18: 03-Nov-2018 | AB18: 41432 | AC18: 03 | AD18: 55 | AE18: 3 | AF18: 10.39 Yrs | AG18: 03 Nov 2018 | AH18: > 10 Years | AI18: 03-Nov-2018 | AJ18: 0 | AK18: 0 | AL18: 14-Sep-2023 | AM18: 31771.55 | AN18: 741.97 | AO18: 32513.52 | AP18: 11554.45 | AQ18: 0 | AR18: 11554.45 | AS18: 11555.06 | AT18: 0 | AU18: 11555.06 | AV18: 105 | BB18: Open | BD18: 31-Mar-2022 | BE18: 41432 | BF18: SID2125312887 | BG18: 9691487343 | BH18: Mithun Lal Yadav/SF0038184 | BI18: Visited | BJ18: 46261 | BK18: Borrower Not Available | BL18: Borrower Family Member | BM18: Not Available | BN18: NA | BQ18: Not Agree to Paid
A19: 15 | B19: East | C19: Chhattisgarh | D19: Champa | E19: Raigarh | F19: Raigarh | G19: CHGL2136 | H19: Pussore | I19: 36165 | J19: Kodpali | K19: 36165 | L19: SF0059997 | M19: Jay Prakash Ratre | N19: 54158 | O19: 80 | P19: 79436 | Q19: Laxmi | R19: Abhilasha - JLG Loans-BiWeekly-Migrated | S19: SID2125315182 | T19: SID2125315182 | U19: EBC | V19: HINDU | W19: 0 | X19: Vegetable vending | Y19: 13502144 | Z19: SHAMA | AA19: 18-Nov-2018 | AB19: 51790 | AC19: 03 | AD19: 56 | AE19: 3 | AF19: 10.39 Yrs | AG19: 18 Nov 2018 | AH19: > 10 Years | AI19: 18-Nov-2018 | AJ19: 0 | AK19: 0 | AL19: 27-Dec-2023 | AM19: 37961 | AN19: 1062.73 | AO19: 39023.73 | AP19: 16362 | AQ19: 140.66 | AR19: 16502.66 | AS19: 16362.27 | AT19: 140.66 | AU19: 16502.93 | AV19: 106 | BB19: Open | BD19: 31-Mar-2022 | BE19: 51790 | BF19: SID2125315182 | BG19: 9993836676 | BH19: Mithun Lal Yadav/SF0038184 | BI19: Visited | BJ19: 46261 | BK19: Borrower Not Traceable | BL19: Other Borrower | BM19: Not Available | BN19: NA | BQ19: Borrower not available
A20: 16 | B20: East | C20: Chhattisgarh | D20: Champa | E20: Raigarh | F20: Raigarh | G20: CHGL2136 | H20: Pussore | I20: 36178 | J20: Rengal Pali | K20: 36178 | L20: SF0097262 | M20: Gagan Bihari Seth | N20: 54087 | O20: 183 | P20: 79358 | Q20: Laxmi-4 | R20: Abhilasha - JLG Loans-BiWeekly-Migrated | S20: CID050402258 | T20: CID050402258 | U20: OBC | V20: HINDU | W20: 0 | X20: Ration shop | Y20: 13802798 | Z20: MALTI | AA20: 02-Jan-2019 | AB20: 45637 | AC20: 03 | AD20: 55 | AE20: 10 | AF20: 12.13 Yrs | AG20: 02 Jan 2019 | AH20: > 10 Years | AI20: 02-Jan-2019 | AJ20: 0 | AK20: 0 | AL20: 27-Dec-2023 | AM20: 23193.29 | AN20: 512.39 | AO20: 23705.68 | AP20: 24995.71 | AQ20: 2662.08 | AR20: 27657.79 | AS20: 24996.69 | AT20: 2662.08 | AU20: 27658.77 | AV20: 117 | BB20: Open | BD20: 31-Mar-2023 | BE20: 45637 | BF20: CID050402258 | BG20: 7952211792 | BH20: Mithun Lal Yadav/SF0038184 | BI20: Visited | BJ20: 46261 | BK20: Borrower Not Available | BL20: Other Borrower | BM20: Not Available | BN20: NA | BQ20: Loan card not available
A21: 17 | B21: East | C21: Chhattisgarh | D21: Champa | E21: Raigarh | F21: Raigarh | G21: CHGL2136 | H21: Pussore | I21: 36240 | J21: Kensara. | K21: 36240 | L21: SF0097262 | M21: Gagan Bihari Seth | N21: 54221 | O21: 16 | P21: 79539 | Q21: Laxmi | R21: Abhilasha - JLG Loans-Monthly-Migrated | S21: CID213602532 | T21: CID213602532 | U21: SC | V21: HINDU | W21: 0 | X21: Salt Business | Y21: 14677381 | Z21: BASNTI MAHANT | AA21: 15-Mar-2019 | AB21: 46674 | AC21: 05 | AD21: 52 | AE21: 4 | AF21: 9.96 Yrs | AG21: 15 Mar 2019 | AH21: > 6 to 10 Years | AI21: 15-Mar-2019 | AJ21: 1450 | AK21: 1450 | AL21: 31-Mar-2022 | AM21: 30401.14 | AN21: 120 | AO21: 30521.14 | AP21: 16761.93 | AQ21: 2075.27 | AR21: 18837.2 | AS21: 16351.86 | AT21: 2075.27 | AU21: 18427.13 | AV21: 59 | BB21: Open | BD21: 31-Mar-2023 | BE21: 46674 | BF21: CID213602532 | BG21: 7999469663 | BH21: Mithun Lal Yadav/SF0038184 | BI21: Visited | BJ21: 46260 | BK21: Borrower Available | BL21: Borrower | BM21: Not Available | BN21: NA | BQ21: Borrower Not agree to paid
A22: 18 | B22: East | C22: Chhattisgarh | D22: Champa | E22: Raigarh | F22: Raigarh | G22: CHGL2136 | H22: Pussore | I22: 36181 | J22: Kensara. | K22: 36181 | L22: SF0097262 | M22: Gagan Bihari Seth | N22: 54091 | O22: 71984 | P22: 79538 | Q22: 134092 | R22: Abhilasha - JLG Loans-BiWeekly-Migrated | S22: SID2125150020 | T22: SID2125150020 | U22: SC | V22: HINDU | W22: 0 | X22: Agriculture & Farming | Y22: 14722710 | Z22: VIMALA BHOY | AA22: 15-Mar-2019 | AB22: 41488 | AC22: Tue | AD22: 52 | AE22: 3 | AF22: 10.30 Yrs | AG22: 15 Mar 2019 | AH22: > 10 Years | AI22: 15-Mar-2019 | AJ22: 0 | AK22: 0 | AL22: 27-Dec-2023 | AM22: 24156.64 | AN22: 0 | AO22: 24156.64 | AP22: 17696.36 | AQ22: 0 | AR22: 17696.36 | AS22: 17696.79 | AT22: 0 | AU22: 17696.79 | AV22: 108 | BB22: Open | BD22: 31-Mar-2023 | BE22: 41488 | BF22: SID2125150020 | BG22: 9109723347 | BH22: Mithun Lal Yadav/SF0038184 | BI22: Visited | BJ22: 46260 | BK22: Borrower Not Available | BL22: Other Borrower | BM22: Not Available | BN22: NA | BQ22: Loan card not available
A23: 19 | B23: East | C23: Chhattisgarh | D23: Champa | E23: Raigarh | F23: Raigarh | G23: CHGL2136 | H23: Pussore | I23: 36202 | J23: Ruchida | K23: 36202 | L23: SF0099850 | M23: Dina Nath | N23: 54117 | O23: 491961 | P23: 79389 | Q23: ganga | R23: Interim Loans-BiWeekly-Migrated | S23: SID951374258247 | T23: SID951374258247 | U23: EBC | V23: HINDU | W23: 0 | X23: Agriculture & Farming | Y23: 15468122 | Z23: SUNITA | AA23: 12-Apr-2019 | AB23: 15558 | AC23: 07 | AD23: 52 | AE23: 1 | AF23: 7.93 Yrs | AG23: 12 Apr 2019 | AH23: > 6 to 10 Years | AI23: 12-Apr-2019 | AJ23: 0 | AK23: 0 | AL23: 27-Dec-2023 | AM23: 6327.49 | AN23: 350.31 | AO23: 6677.8 | AP23: 10237.51 | AQ23: 1116.07 | AR23: 11353.58 | AS23: 9553.62 | AT23: 1116.07 | AU23: 10669.69 | AV23: 107 | BB23: Open | BD23: 31-Dec-2021 | BE23: 15558 | BF23: SID951374258247 | BG23: 7024699683 | BH23: Mithun Lal Yadav/SF0038184 | BI23: Visited | BJ23: 46261 | BK23: Borrower Not Available | BL23: Other Borrower | BM23: Not Available | BN23: NA | BQ23: Loan card not available
... A26: 22 | B26: East | C26: Chhattisgarh | D26: Champa | E26: Raigarh | F26: Raigarh | G26: CHGL2136 | H26: Pussore | I26: 36202 | J26: Ruchida | K26: 36202 | L26: SF0099850 | M26: Dina Nath | N26: 54260 | O26: 48 | P26: 79604 | Q26: VAISHNO | R26: Abhilasha - JLG Loans-BiWeekly-Migrated | S26: CID050410908 | T26: CID050410908 | U26: EBC | V26: HINDU | W26: 0 | X26: Ration shop | Y26: 15607227 | Z26: USHKUMARI | AA26: 23-Apr-2019 | AB26: 41488 | AC26: 07 | AD26: 52 | AE26: 4 | AF26: 11.54 Yrs | AG26: 23 Apr 2019 | AH26: > 10 Years | AI26: 23-Apr-2019 | AJ26: 353 | AK26: 0 | AL26: 27-Dec-2023 | AM26: 20852.8 | AN26: 719.15 | AO26: 21571.95 | AP26: 23256.2 | AQ26: 2228.65 | AR26: 25484.85 | AS26: 20635.2 | AT26: 2228.65 | AU26: 22863.85 | AV26: 119 | BB26: Open | BD26: 31-Dec-2021 | BE26: 41488 | BF26: CID050410908 | BG26: 9098528720 | BH26: Mithun Lal Yadav/SF0038184 | BI26: Visited | BJ26: 46261 | BK26: Borrower Not Available | BL26: Other Borrower | BM26: Not Available | BN26: NA | BQ26: Loan card not available
A27: 23 | B27: East | C27: Chhattisgarh | D27: Champa | E27: Raigarh | F27: Raigarh | G27: CHGL2136 | H27: Pussore | I27: 36202 | J27: Ruchida | K27: 36202 | L27: SF0099850 | M27: Dina Nath | N27: 54260 | O27: 48 | P27: 79604 | Q27: VAISHNO | R27: Abhilasha - JLG Loans-Monthly-Migrated | S27: CID050410915 | T27: CID050410915 | U27: EBC | V27: HINDU | W27: 0 | X27: Ration shop | Y27: 15632220 | Z27: RAMBAI | AA27: 23-Apr-2019 | AB27: 46674 | AC27: 07 | AD27: 52 | AE27: 4 | AF27: 11.53 Yrs | AG27: 23 Apr 2019 | AH27: > 10 Years | AI27: 23-Apr-2019 | AJ27: 1450 | AK27: 1450 | AL27: 26-Dec-2023 | AM27: 46793.18 | AN27: 893 | AO27: 47686.18 | AP27: 1342.45 | AQ27: 5.14 | AR27: 1347.59 | AS27: 504.82 | AT27: 5.14 | AU27: 509.96 | AV27: 60 | BB27: Open | BE27: 0 | BF27: CID050410915 | BG27: 8224255040 | BH27: Mithun Lal Yadav/SF0038184 | BI27: Visited | BJ27: 46261 | BK27: Borrower Not Available | BL27: Other Borrower | BM27: Not Available | BN27: NA | BQ27: Loan card not available
A28: 24 | B28: East | C28: Chhattisgarh | D28: Champa | E28: Raigarh | F28: Raigarh | G28: CHGL2136 | H28: Pussore | I28: 36165 | J28: Kodpali | K28: 36165 | L28: SF0059997 | M28: Jay Prakash Ratre | N28: 54158 | O28: 80 | P28: 79436 | Q28: Laxmi | R28: Interim Loans-BiWeekly-Migrated | S28: SID2125315182 | T28: SID2125315182 | U28: EBC | V28: HINDU | W28: 0 | X28: Vegetable vending | Y28: 16052900 | Z28: SHAMA | AA28: 15-May-2019 | AB28: 10372 | AC28: 03 | AD28: 38 | AE28: 3 | AF28: 10.39 Yrs | AG28: 18 Nov 2018 | AH28: > 10 Years | AI28: 15-May-2019 | AJ28: 0 | AK28: 0 | AL28: 31-Mar-2022 | AM28: 8741.97 | AN28: 0 | AO28: 8741.97 | AP28: 2175.03 | AQ28: 0 | AR28: 2175.03 | AS28: 2175.17 | AT28: 0 | AU28: 2175.17 | AV28: 106 | BB28: Open | BD28: 31-Mar-2022 | BE28: 10372 | BF28: SID2125315182 | BG28: 9993836676 | BH28: Mithun Lal Yadav/SF0038184 | BI28: Visited | BJ28: 46261 | BK28: Borrower Not Traceable | BL28: Other Borrower | BM28: Not Available | BN28: NA | BQ28: Borrower not available
A29: 25 | B29: East | C29: Chhattisgarh | D29: Champa | E29: Raigarh | F29: Raigarh | G29: CHGL2136 | H29: Pussore | I29: 36181 | J29: Kensara. | K29: 36181 | L29: SF0097262 | M29: Gagan Bihari Seth | N29: 54091 | O29: 71984 | P29: 79636 | Q29: 133884 | R29: Abhilasha - JLG Loans-BiWeekly-Migrated | S29: CID050404446 | T29: CID050404446 | U29: ST | V29: HINDU | W29: 0 | X29: Agriculture & Farming | Y29: 16165385 | Z29: KUMARI BAI | AA29: 22-May-2019 | AB29: 41488 | AC29: Tue | AD29: 52 | AE29: 6 | AF29: 12.65 Yrs | AG29: 22 May 2019 | AH29: > 10 Years | AI29: 22-May-2019 | AJ29: 0 | AK29: 0 | AL29: 27-Dec-2023 | AM29: 39243.03 | AN29: 10.36 | AO29: 39253.39 | AP29: 2429.97 | AQ29: 0 | AR29: 2429.97 | AS29: 2304.82 | AT29: 0 | AU29: 2304.82 | AV29: 109 | BB29: Open | BD29: 30-Jun-2022 | BE29: 41488 | BF29: CID050404446 | BG29: 7828065588 | BH29: Mithun Lal Yadav/SF0038184 | BI29: Visited | BJ29: 46260 | BK29: Borrower Not Available | BL29: Other Borrower | BM29: Not Available | BN29: NA | BQ29: Loan card not available
A30: 26 | B30: East | C30: Chhattisgarh | D30: Champa | E30: Raigarh | F30: Raigarh | G30: CHGL2136 | H30: Pussore | I30: 36202 | J30: Ruchida | K30: 36202 | L30: SF0099850 | M30: Dina Nath | N30: 54117 | O30: 491961 | P30: 79389 | Q30: ganga | R30: Abhilasha - JLG Loans-Monthly-Migrated | S30: SID951375024476 | T30: SID951375024476 | U30: EBC | V30: HINDU | W30: 0 | X30: Agriculture & Farming | Y30: 16445630 | Z30: BHARTI | AA30: 06-Jun-2019 | AB30: 36302 | AC30: 07 | AD30: 52 | AE30: 1 | AF30: 7.22 Yrs | AG30: 06 Jun 2019 | AH30: > 6 to 10 Years | AI30: 06-Jun-2019 | AJ30: 1130 | AK30: 1130 | AL30: 27-Dec-2023 | AM30: 12569.97 | AN30: 169 | AO30: 12738.97 | AP30: 30717.27 | AQ30: 10606.53 | AR30: 41323.8 | AS30: 28082.03 | AT30: 10606.53 | AU30: 38688.56 | AV30: 60 | BB30: Open | BD30: 31-Mar-2023 | BE30: 36302 | BF30: SID951375024476 | BG30: 8435954661 | BH30: Mithun Lal Yadav/SF0038184 | BI30: Visited | BJ30: 46261 | BK30: Borrower Not Available | BL30: Other Borrower | BM30: Not Available | BN30: NA | BQ30: Loan card not available
A31: 27 | B31: East | C31: Chhattisgarh | D31: Champa | E31: Raigarh | F31: Raigarh | G31: CHGL2136 | H31: Pussore | I31: 36240 | J31: Kensara. | K31: 36240 | L31: SF0097262 | M31: Gagan Bihari Seth | N31: 54221 | O31: 16 | P31: 79723 | Q31: GANGA | R31: Abhilasha - JLG Loans-Monthly-Migrated | S31: CID213601871 | T31: CID213601871 | U31: EBC | V31: HINDU | W31: 0 | X31: Agriculture & Farming | Y31: 17146931 | Z31: LALITA | AA31: 17-Jul-2019 | AB31: 46674 | AC31: 05 | AD31: 52 | AE31: 4 | AF31: 8.22 Yrs | AG31: 17 Jul 2019 | AH31: > 6 to 10 Years | AI31: 17-Jul-2019 | AJ31: 1450 | AK31: 1450 | AL31: 27-Dec-2023 | AM31: 37434.75 | AN31: 1472.96 | AO31: 38907.71 | AP31: 9687.55 | AQ31: 755.79 | AR31: 10443.34 | AS31: 9453.25 | AT31: 755.79 | AU31: 10209.04 | AV31: 59 | BB31: Open | BD31: 30-Jun-2023 | BE31: 46674 | BF31: CID213601871 | BG31: 6262069194 | BH31: Mithun Lal Yadav/SF0038184 | BI31: Visited | BJ31: 46260 | BK31: Borrower Not Available | BL31: Other Borrower | BM31: Not Available | BN31: NA | BQ31: Loan card not available
A32: 28 | B32: East | C32: Chhattisgarh | D32: Champa | E32: Raigarh | F32: Raigarh | G32: CHGL2136 | H32: Pussore | I32: 36240 | J32: Kensara. | K32: 36240 | L32: SF0097262 | M32: Gagan Bihari Seth | N32: 54221 | O32: 16 | P32: 79723 | Q32: GANGA | R32: Abhilasha - JLG Loans-Monthly-Migrated | S32: CID050401237 | T32: CID050401237 | U32: OBC | V32: HINDU | W32: 0 | X32: Agriculture & Farming | Y32: 17146997 | Z32: SANTRABAI MAHANT | AA32: 17-Jul-2019 | AB32: 46674 | AC32: 05 | AD32: 52 | AE32: 6 | AF32: 8.45 Yrs | AG32: 17 Jul 2019 | AH32: > 6 to 10 Years | AI32: 17-Jul-2019 | AJ32: 1450 | AK32: 1450 | AL32: 26-Dec-2023 | AM32: 24320.98 | AN32: 1600.87 | AO32: 25921.85 | AP32: 23774.26 | AQ32: 4665.11 | AR32: 28439.37 | AS32: 23227.02 | AT32: 4665.11 | AU32: 27892.13 | AV32: 59 | BB32: Open | BD32: 31-Mar-2023 | BE32: 46674 | BF32: CID050401237 | BG32: 7804826138 | BH32: Mithun Lal Yadav/SF0038184 | BI32: Visited | BJ32: 46260 | BK32: Borrower Available | BL32: Borrower | BM32: Not Available | BN32: NA | BQ32: Borrower Not agree to paid
A33: 29 | B33: East | C33: Chhattisgarh | D33: Champa | E33: Raigarh | F33: Raigarh | G33: CHGL2136 | H33: Pussore | I33: 36165 | J33: Kodpali | K33: 36165 | L33: SF0059997 | M33: Jay Prakash Ratre | N33: 54158 | O33: 80 | P33: 79755 | Q33: VANDANA | R33: Abhilasha - JLG Loans-Monthly-Migrated | S33: CID213608239 | T33: CID213608239 | U33: EBC | V33: HINDU | W33: 0 | X33: Agriculture & Farming | Y33: 17226721 | Z33: PUSHPA YADAV | AA33: 03-Aug-2019 | AB33: 36302 | AC33: 03 | AD33: 52 | AE33: 4 | AF33: 11.25 Yrs | AG33: 03 Aug 2019 | AH33: > 10 Years | AI33: 03-Aug-2019 | AJ33: 1130 | AK33: 1130 | AL33: 27-Dec-2023 | AM33: 32092.41 | AN33: 107 | AO33: 32199.41 | AP33: 4610.16 | AQ33: 116.9 | AR33: 4727.06 | AS33: 4251.59 | AT33: 116.9 | AU33: 4368.49 | AV33: 59 | BB33: Open | BE33: 0 | BF33: CID213608239 | BG33: 9109965052 | BH33: Mithun Lal Yadav/SF0038184 | BI33: Visited | BJ33: 46261 | BK33: Borrower Available | BL33: Borrower | BM33: Not Available | BN33: NA | BQ33: borrower Not agree to paid
A34: 30 | B34: East | C34: Chhattisgarh | D34: Champa | E34: Raigarh | F34: Raigarh | G34: CHGL2136 | H34: Pussore | I34: 36240 | J34: Kensara. | K34: 36240 | L34: SF0097262 | M34: Gagan Bihari Seth | N34: 54221 | O34: 16 | P34: 79539 | Q34: Laxmi | R34: Abhilasha - JLG Loans-BiWeekly-Migrated | S34: CID050401195 | T34: CID050401195 | U34: ST | V34: HINDU | W34: 0 | X34: Agriculture & Farming | Y34: 17474825 | Z34: Madhuri | AA34: 20-Aug-2019 | AB34: 46674 | AC34: 05 | AD34: 52 | AE34: 7 | AF34: 12.56 Yrs | AG34: 20 Aug 2019 | AH34: > 10 Years | AI34: 20-Aug-2019 | AJ34: 1135 | AK34: 1135 | AL34: 27-Dec-2023 | AM34: 39311.81 | AN34: 74.86 | AO34: 39386.67 | AP34: 7610.19 | AQ34: 229.95 | AR34: 7840.14 | AS34: 7362.19 | AT34: 229.95 | AU34: 7592.14 | AV34: 115 | BB34: Open | BD34: 30-Jun-2022 | BE34: 46674 | BF34: CID050401195 | BG34: 6267972335 | BH34: Mithun Lal Yadav/SF0038184 | BI34: Visited | BJ34: 46260 | BK34: Borrower Not Available | BL34: Other Borrower | BM34: Not Available | BN34: NA | BQ34: Loan card not available
A35: 31 | B35: East | C35: Chhattisgarh | D35: Champa | E35: Raigarh | F35: Raigarh | G35: CHGL2136 | H35: Pussore | I35: 36165 | J35: Kodpali | K35: 36165 | L35: SF0059997 | M35: Jay Prakash Ratre | N35: 54158 | O35: 80 | P35: 79436 | Q35: Laxmi | R35: Abhilasha - JLG Loans-Monthly-Migrated | S35: SID951375241029 | T35: SID951375241029 | U35: EBC | V35: HINDU | W35: 0 | X35: Agriculture & Farming | Y35: 17610187 | Z35: NANDINI | AA35: 03-Sep-2019 | AB35: 36302 | AC35: 03 | AD35: 52 | AE35: 1 | AF35: 6.98 Yrs | AG35: 03 Sep 2019 | AH35: > 6 to 10 Years | AI35: 03-Sep-2019 | AJ35: 1130 | AK35: 1130 | AL35: 31-Mar-2022 | AM35: 14037.94 | AN35: 55.1 | AO35: 14093.04 | AP35: 27615.06 | AQ35: 8256.71 | AR35: 35871.77 | AS35: 25427.06 | AT35: 8256.71 | AU35: 33683.77 | AV35: 61 | BB35: Open | BD35: 31-Mar-2023 | BE35: 36302 | BF35: SID951375241029 | BG35: 6372464102 | BH35: Mithun Lal Yadav/SF0038184 | BI35: Visited | BJ35: 46261 | BK35: Borrower Not Available | BL35: Other Borrower | BM35: Not Available | BN35: NA | BQ35: Borrower not available
A36: 32 | B36: East | C36: Chhattisgarh | D36: Champa | E36: Raigarh | F36: Raigarh | G36: CHGL2136 | H36: Pussore | I36: 36240 | J36: Kensara. | K36: 36240 | L36: SF0097262 | M36: Gagan Bihari Seth | N36: 54221 | O36: 16 | P36: 79785 | Q36: Radha | R36: Abhilasha - JLG Loans-Monthly-Migrated | S36: SID951373538606 | T36: SID951373538606 | U36: ST | V36: HINDU | W36: 0 | X36: Agriculture & Farming | Y36: 17612418 | Z36: Hemo | AA36: 29-Aug-2019 | AB36: 41488 | AC36: 05 | AD36: 52 | AE36: 2 | AF36: 8.41 Yrs | AG36: 29 Aug 2019 | AH36: > 6 to 10 Years | AI36: 29-Aug-2019 | AJ36: 1290 | AK36: 1290 | AL36: 27-Dec-2023 | AM36: 37705.83 | AN36: 780 | AO36: 38485.83 | AP36: 4141.12 | AQ36: 101.32 | AR36: 4242.44 | AS36: 3915.17 | AT36: 101.32 | AU36: 4016.49 | AV36: 58 | BB36: Open | BE36: 0 | BF36: SID951373538606 | BG36: 7067387529 | BH36: Mithun Lal Yadav/SF0038184 | BI36: Visited | BJ36: 46260 | BK36: Borrower Not Available | BL36: Other Borrower | BM36: Not Available | BN36: NA | BQ36: Loan card not available
A37: 33 | B37: East | C37: Chhattisgarh | D37: Champa | E37: Raigarh | F37: Raigarh | G37: CHGL2136 | H37: Pussore | I37: 36202 | J37: Ruchida | K37: 36202 | L37: SF0099850 | M37: Dina Nath | N37: 54260 | O37: 48 | P37: 79604 | Q37: VAISHNO | R37: Abhilasha - JLG Loans-BiWeekly-Migrated | S37: SID951375255457 | T37: SID951375255457 | U37: EBC | V37: HINDU | W37: 0 | X37: Agriculture & Farming | Y37: 17671740 | Z37: RADHIKA | AA37: 12-Sep-2019 | AB37: 36302 | AC37: 07 | AD37: 52 | AE37: 1 | AF37: 6.96 Yrs | AG37: 12 Sep 2019 | AH37: > 6 to 10 Years | AI37: 12-Sep-2019 | AJ37: 880 | AK37: 880 | AL37: 27-Dec-2023 | AM37: 28772.05 | AN37: 246.28 | AO37: 29018.33 | AP37: 7987.95 | AQ37: 302.32 | AR37: 8290.27 | AS37: 7529.95 | AT37: 302.32 | AU37: 7832.27 | AV37: 127 | BB37: Open | BD37: 31-Mar-2023 | BE37: 36302 | BF37: SID951375255457 | BG37: 9301611823 | BH37: Mithun Lal Yadav/SF0038184 | BI37: Visited | BJ37: 46261 | BK37: Borrower Not Available | BL37: Other Borrower | BM37: Not Available | BN37: NA | BQ37: Loan card not available
A38: 34 | B38: East | C38: Chhattisgarh | D38: Champa | E38: Raigarh | F38: Raigarh | G38: CHGL2136 | H38: Pussore | I38: 36202 | J38: Ruchida | K38: 36202 | L38: SF0099850 | M38: Dina Nath | N38: 54260 | O38: 48 | P38: 79784 | Q38: Laxmi | R38: Abhilasha - JLG Loans-Monthly-Migrated | S38: SID951375257522 | T38: SID951375257522 | U38: EBC | V38: HINDU | W38: 0 | X38: Ration shop | Y38: 17677334 | Z38: Kanti | AA38: 29-Aug-2019 | AB38: 36302 | AC38: 07 | AD38: 52 | AE38: 1 | AF38: 6.99 Yrs | AG38: 29 Aug 2019 | AH38: > 6 to 10 Years | AI38: 29-Aug-2019 | AJ38: 1130 | AK38: 1130 | AL38: 27-Dec-2023 | AM38: 19832.65 | AN38: 934 | AO38: 20766.65 | AP38: 21141.65 | AQ38: 3804.45 | AR38: 24946.1 | AS38: 18082.35 | AT38: 3804.45 | AU38: 21886.8 | AV38: 60 | BB38: Open | BD38: 30-Jun-2022 | BE38: 36302 | BF38: SID951375257522 | BG38: 9098518152 | BH38: Mithun Lal Yadav/SF0038184 | BI38: Visited | BJ38: 46261 | BK38: Borrower Not Available | BL38: Other Borrower | BM38: Not Available | BN38: NA | BQ38: Loan card not available
A39: 35 | B39: East | C39: Chhattisgarh | D39: Champa | E39: Raigarh | F39: Raigarh | G39: CHGL2136 | H39: Pussore | I39: 36202 | J39: Ruchida | K39: 36202 | L39: SF0099850 | M39: Dina Nath | N39: 54260 | O39: 48 | P39: 79604 | Q39: VAISHNO | R39: Abhilasha - JLG Loans-Monthly-Migrated | S39: CID050401537 | T39: CID050401537 | U39: ST | V39: HINDU | W39: 0 | X39: Agriculture & Farming | Y39: 17728521 | Z39: SAJAN MATI | AA39: 11-Sep-2019 | AB39: 46674 | AC39: 07 | AD39: 52 | AE39: 7 | AF39: 12.64 Yrs | AG39: 11 Sep 2019 | AH39: > 10 Years | AI39: 11-Sep-2019 | AJ39: 1450 | AK39: 1450 | AL39: 27-Dec-2023 | AM39: 25830.8 | AN39: 449.16 | AO39: 26279.96 | AP39: 26884.32 | AQ39: 4630.64 | AR39: 31514.96 | AS39: 22857.2 | AT39: 4630.64 | AU39: 27487.84 | AV39: 60 | BB39: Open | BD39: 31-Mar-2023 | BE39: 46674 | BF39: CID050401537 | BG39: 8103040356 | BH39: Mithun Lal Yadav/SF0038184 | BI39: Visited | BJ39: 46261 | BK39: Borrower Not Available | BL39: Other Borrower | BM39: Not Available | BN39: NA | BQ39: Loan card not available
A40: 36 | B40: East | C40: Chhattisgarh | D40: Champa | E40: Raigarh | F40: Raigarh | G40: CHGL2136 | H40: Pussore | I40: 36178 | J40: Rengal Pali | K40: 36178 | L40: SF0097262 | M40: Gagan Bihari Seth | N40: 54358 | O40: 447532 | P40: 727655 | Q40: Rengal Pali 2 447532 G3 | R40: Abhilasha - JLG Loans-BiWeekly-Migrated | S40: SID951373632270 | T40: SID951373632270 | U40: ST | V40: HINDU | W40: 0 | X40: Agriculture & Farming | Y40: 17765957 | Z40: MANJU BARIK | AA40: 13-Sep-2019 | AB40: 46674 | AC40: 03 | AD40: 52 | AE40: 2 | AF40: 8.35 Yrs | AG40: 13 Sep 2019 | AH40: > 6 to 10 Years | AI40: 13-Sep-2019 | AJ40: 1135 | AK40: 1135 | AL40: 26-Dec-2023 | AM40: 37228.83 | AN40: 202.31 | AO40: 37431.14 | AP40: 9540.17 | AQ40: 422 | AR40: 9962.17 | AS40: 9445.17 | AT40: 422 | AU40: 9867.17 | AV40: 128 | BB40: Open | BD40: 31-Mar-2023 | BE40: 46674 | BF40: SID951373632270 | BG40: 9755871766 | BH40: Mithun Lal Yadav/SF0038184 | BI40: Visited | BJ40: 46261 | BK40: Borrower Not Available | BL40: Other Borrower | BM40: Not Available | BN40: NA | BQ40: Loan card not available
A41: 37 | B41: East | C41: Chhattisgarh | D41: Champa | E41: Raigarh | F41: Raigarh | G41: CHGL2136 | H41: Pussore | I41: 36240 | J41: Kensara. | K41: 36240 | L41: SF0097262 | M41: Gagan Bihari Seth | N41: 54221 | O41: 16 | P41: 79539 | Q41: Laxmi | R41: Abhilasha - JLG Loans-Monthly-Migrated | S41: SID2125507768 | T41: SID2125507768 | U41: ST | V41: HINDU | W41: 0 | X41: Agriculture & Farming | Y41: 17808117 | Z41: SAVITA SARTHI | AA41: 20-Sep-2019 | AB41: 41488 | AC41: 05 | AD41: 52 | AE41: 3 | AF41: 8.07 Yrs | AG41: 20 Sep 2019 | AH41: > 6 to 10 Years | AI41: 20-Sep-2019 | AJ41: 1290 | AK41: 1290 | AL41: 27-Dec-2023 | AM41: 17795.4 | AN41: 339 | AO41: 18134.4 | AP41: 24464.35 | AQ41: 6082 | AR41: 30546.35 | AS41: 24223.6 | AT41: 6082 | AU41: 30305.6 | AV41: 59 | BB41: Open | BD41: 31-Mar-2023 | BE41: 41488 | BF41: SID2125507768 | BG41: 7389042724 | BH41: Mithun Lal Yadav/SF0038184 | BI41: Visited | BJ41: 46260 | BK41: Borrower Not Available | BL41: Other Borrower | BM41: Not Available | BN41: NA | BQ41: Loan card not available
A42: 38 | B42: East | C42: Chhattisgarh | D42: Champa | E42: Raigarh | F42: Raigarh | G42: CHGL2136 | H42: Pussore | I42: 36240 | J42: Kensara. | K42: 36240 | L42: SF0097262 | M42: Gagan Bihari Seth | N42: 54221 | O42: 16 | P42: 79539 | Q42: Laxmi | R42: Abhilasha - JLG Loans-Monthly-Migrated | S42: SID2125513135 | T42: SID2125513135 | U42: SC | V42: HINDU | W42: 0 | X42: Agriculture & Farming | Y42: 17808278 | Z42: LAXMIN MAHANT | AA42: 19-Sep-2019 | AB42: 41488 | AC42: 05 | AD42: 52 | AE42: 3 | AF42: 8.26 Yrs | AG42: 19 Sep 2019 | AH42: > 6 to 10 Years | AI42: 19-Sep-2019 | AJ42: 1290 | AK42: 1290 | AL42: 27-Dec-2023 | AM42: 11268.4 | AN42: 278 | AO42: 11546.4 | AP42: 35612.42 | AQ42: 15089.58 | AR42: 50702 | AS42: 35068.6 | AT42: 15089.58 | AU42: 50158.18 | AV42: 59 | BB42: Open | BD42: 31-Mar-2023 | BE42: 41488 | BF42: SID2125513135 | BG42: 7773028000 | BH42: Mithun Lal Yadav/SF0038184 | BI42: Visited | BJ42: 46260 | BK42: Borrower Available | BL42: Borrower | BM42: Not Available | BN42: NA | BQ42: Borrower Not agree to paid
A43: 39 | B43: East | C43: Chhattisgarh | D43: Champa | E43: Raigarh | F43: Raigarh | G43: CHGL2136 | H43: Pussore | I43: 36240 | J43: Kensara. | K43: 36240 | L43: SF0097262 | M43: Gagan Bihari Seth | N43: 54221 | O43: 16 | P43: 79539 | Q43: Laxmi | R43: Abhilasha - JLG Loans-Monthly-Migrated | S43: CID050401236 | T43: CID050401236 | U43: ST | V43: HINDU | W43: 0 | X43: Agriculture & Farming | Y43: 17808853 | Z43: Basanti Mahant | AA43: 17-Sep-2019 | AB43: 41488 | AC43: 05 | AD43: 52 | AE43: 7 | AF43: 12.64 Yrs | AG43: 17 Sep 2019 | AH43: > 10 Years | AI43: 17-Sep-2019 | AJ43: 1290 | AK43: 1290 | AL43: 31-Mar-2022 | AM43: 18131.6 | AN43: 210 | AO43: 18341.6 | AP43: 24612.48 | AQ43: 6005.24 | AR43: 30617.72 | AS43: 24381.4 | AT43: 6005.24 | AU43: 30386.64 | AV43: 59 | BB43: Open | BD43: 31-Mar-2023 | BE43: 41488 | BF43: CID050401236 | BG43: 8223941264 | BH43: Mithun Lal Yadav/SF0038184 | BI43: Visited | BJ43: 46260 | BK43: Borrower Available | BL43: Borrower | BM43: Not Available | BN43: NA | BQ43: Borrower Not agree to paid
A44: 40 | B44: East | C44: Chhattisgarh | D44: Champa | E44: Raigarh | F44: Raigarh | G44: CHGL2136 | H44: Pussore | I44: 36240 | J44: Kensara. | K44: 36240 | L44: SF0097262 | M44: Gagan Bihari Seth | N44: 54221 | O44: 16 | P44: 79794 | Q44: LAXMI A | R44: Abhilasha - JLG Loans-BiWeekly-Migrated | S44: CID050403615 | T44: CID050403615 | U44: ST | V44: HINDU | W44: 0 | X44: Agriculture & Farming | Y44: 17809111 | Z44: Sushila Bhoy | AA44: 19-Sep-2019 | AB44: 41488 | AC44: 05 | AD44: 52 | AE44: 5 | AF44: 8.43 Yrs | AG44: 19 Sep 2019 | AH44: > 6 to 10 Years | AI44: 19-Sep-2019 | AJ44: 1010 | AK44: 1010 | AL44: 27-Dec-2023 | AM44: 22791.63 | AN44: 105.04 | AO44: 22896.67 | AP44: 19740.37 | AQ44: 479.93 | AR44: 20220.3 | AS44: 18696.37 | AT44: 479.93 | AU44: 19176.3 | AV44: 117 | BB44: Open | BD44: 31-Mar-2023 | BE44: 41488 | BF44: CID050403615 | BG44: 8305924028 | BH44: Mithun Lal Yadav/SF0038184 | BI44: Visited | BJ44: 46260 | BK44: Borrower Not Available | BL44: Other Borrower | BM44: Not Available | BN44: NA | BQ44: Borrower Husband death
A45: 41 | B45: East | C45: Chhattisgarh | D45: Champa | E45: Raigarh | F45: Raigarh | G45: CHGL2136 | H45: Pussore | I45: 36181 | J45: Kensara. | K45: 36181 | L45: SF0097262 | M45: Gagan Bihari Seth | N45: 54171 | O45: 39 | P45: 79768 | Q45: VANDANA | R45: Abhilasha - JLG Loans-Monthly-Migrated | S45: SID951373519958 | T45: SID951373519958 | U45: SC | V45: HINDU | W45: 0 | X45: Agriculture & Farming | Y45: 17895776 | Z45: MEETARANI | AA45: 20-Sep-2019 | AB45: 41488 | AC45: 05 | AD45: 52 | AE45: 2 | AF45: 8.32 Yrs | AG45: 20 Sep 2019 | AH45: > 6 to 10 Years | AI45: 20-Sep-2019 | AJ45: 1290 | AK45: 1290 | AL45: 27-Dec-2023 | AM45: 24116.69 | AN45: 1995.28 | AO45: 26111.97 | AP45: 18168.04 | AQ45: 3056.41 | AR45: 21224.45 | AS45: 17649.31 | AT45: 3056.41 | AU45: 20705.72 | AV45: 59 | BB45: Open | BD45: 30-Jun-2023 | BE45: 41488 | BF45: SID951373519958 | BG45: 7343188319 | BH45: Mithun Lal Yadav/SF0038184 | BI45: Visited | BJ45: 46260 | BK45: Borrower Not Available | BL45: Other Borrower | BM45: Not Available | BN45: NA | BQ45: Loan card not available
A46: 42 | B46: East | C46: Chhattisgarh | D46: Champa | E46: Raigarh | F46: Raigarh | G46: CHGL2136 | H46: Pussore | I46: 36178 | J46: Rengal Pali | K46: 36178 | L46: SF0097262 | M46: Gagan Bihari Seth | N46: 54358 | O46: 447532 | P46: 79812 | Q46: RANI | R46: Abhilasha - JLG Loans-BiWeekly-Migrated | S46: SID951373597486 | T46: SID951373597486 | U46: ST | V46: HINDU | W46: 0 | X46: Agriculture & Farming | Y46: 17940140 | Z46: RUKHMANI MAJHI | AA46: 25-Sep-2019 | AB46: 41488 | AC46: 03 | AD46: 52 | AE46: 2 | AF46: 8.38 Yrs | AG46: 25 Sep 2019 | AH46: > 6 to 10 Years | AI46: 25-Sep-2019 | AJ46: 1010 | AK46: 1010 | AL46: 02-Sep-2024 | AM46: 10073.13 | AN46: 513.42 | AO46: 10586.55 | AP46: 34199.87 | AQ46: 6060.71 | AR46: 40260.58 | AS46: 31414.87 | AT46: 6060.71 | AU46: 37475.58 | AV46: 128 | BB46: Open | BD46: 31-Mar-2023 | BE46: 41488 | BF46: SID951373597486 | BG46: 6262535588 | BH46: Mithun Lal Yadav/SF0038184 | BI46: Visited | BJ46: 46261 | BK46: Borrower Not Available | BL46: Other Borrower | BM46: Not Available | BN46: NA | BQ46: Loan card not available
A47: 43 | B47: East | C47: Chhattisgarh | D47: Champa | E47: Raigarh | F47: Raigarh | G47: CHGL2136 | H47: Pussore | I47: 36240 | J47: Kensara. | K47: 36240 | L47: SF0097262 | M47: Gagan Bihari Seth | N47: 54221 | O47: 16 | P47: 79723 | Q47: GANGA | R47: Abhilasha - JLG Loans-Monthly-Migrated | S47: CID050404448 | T47: CID050404448 | U47: SC | V47: HINDU | W47: 0 | X47: Agriculture & Farming | Y47: 17986213 | Z47: USHA BAI | AA47: 28-Sep-2019 | AB47: 51860 | AC47: 05 | AD47: 52 | AE47: 6 | AF47: 8.39 Yrs | AG47: 28 Sep 2019 | AH47: > 6 to 10 Years | AI47: 28-Sep-2019 | AJ47: 1615 | AK47: 1615 | AL47: 27-Dec-2023 | AM47: 22053.14 | AN47: 2225 | AO47: 24278.14 | AP47: 31107.74 | AQ47: 8054.56 | AR47: 39162.3 | AS47: 30573.86 | AT47: 8054.56 | AU47: 38628.42 | AV47: 59 | BB47: Open | BD47: 30-Jun-2023 | BE47: 51860 | BF47: CID050404448 | BG47: 7803892450 | BH47: Mithun Lal Yadav/SF0038184 | BI47: Visited | BJ47: 46260 | BK47: Borrower Not Available | BL47: Other Borrower | BM47: Not Available | BN47: NA | BQ47: Loan card not available
A48: 44 | B48: East | C48: Chhattisgarh | D48: Champa | E48: Raigarh | F48: Raigarh | G48: CHGL2136 | H48: Pussore | I48: 36178 | J48: Rengal Pali | K48: 36178 | L48: SF0097262 | M48: Gagan Bihari Seth | N48: 54358 | O48: 447532 | P48: 79812 | Q48: RANI | R48: Abhilasha - JLG Loans-Monthly-Migrated | S48: SID951373652648 | T48: SID951373652648 | U48: ST | V48: HINDU | W48: 0 | X48: Fish Vending | Y48: 18004493 | Z48: Urvashi Manjhi | AA48: 28-Sep-2019 | AB48: 37339 | AC48: 03 | AD48: 52 | AE48: 2 | AF48: 8.34 Yrs | AG48: 28 Sep 2019 | AH48: > 6 to 10 Years | AI48: 28-Sep-2019 | AJ48: 1160 | AK48: 1160 | AL48: 27-Dec-2023 | AM48: 36548.33 | AN48: 3928 | AO48: 40476.33 | AP48: 2394.35 | AQ48: 60.08 | AR48: 2454.43 | AS48: 2324.67 | AT48: 60.08 | AU48: 2384.75 | AV48: 59 | BB48: Open | BD48: 30-Jun-2024 | BE48: 37339 | BF48: SID951373652648 | BG48: 8756949729 | BH48: Mithun Lal Yadav/SF0038184 | BI48: Visited | BJ48: 46261 | BK48: Borrower Available | BL48: Borrower | BM48: Not Available | BN48: NA | BQ48: Agree to paid
A49: 45 | B49: East | C49: Chhattisgarh | D49: Champa | E49: Raigarh | F49: Raigarh | G49: CHGL2136 | H49: Pussore | I49: 36181 | J49: Kensara. | K49: 36181 | L49: SF0097262 | M49: Gagan Bihari Seth | N49: 54171 | O49: 39 | P49: 79832 | Q49: Suniti | R49: Abhilasha - JLG Loans-Monthly-Migrated | S49: CID213600374 | T49: CID213600374 | U49: ST | V49: HINDU | W49: 0 | X49: Agriculture & Farming | Y49: 18234757 | Z49: Medni Khadiya | AA49: 22-Oct-2019 | AB49: 51860 | AC49: 05 | AD49: 52 | AE49: 6 | AF49: 12.39 Yrs | AG49: 22 Oct 2019 | AH49: > 10 Years | AI49: 22-Oct-2019 | AJ49: 1615 | AK49: 1615 | AL49: 27-Dec-2023 | AM49: 30735.15 | AN49: 1772.48 | AO49: 32507.63 | AP49: 21780.16 | AQ49: 3623.67 | AR49: 25403.83 | AS49: 21487.85 | AT49: 3623.67 | AU49: 25111.52 | AV49: 59 | BB49: Open | BE49: 0 | BF49: CID213600374 | BG49: 7879672305 | BH49: Mithun Lal Yadav/SF0038184 | BI49: Visited | BJ49: 46260 | BK49: Borrower Not Available | BL49: Other Borrower | BM49: Not Available | BN49: NA | BQ49: Loan card not available
A50: 46 | B50: East | C50: Chhattisgarh | D50: Champa | E50: Raigarh | F50: Raigarh | G50: CHGL2136 | H50: Pussore | I50: 36181 | J50: Kensara. | K50: 36181 | L50: SF0097262 | M50: Gagan Bihari Seth | N50: 54171 | O50: 39 | P50: 79832 | Q50: Suniti | R50: Abhilasha - JLG Loans-BiWeekly-Migrated | S50: CID213600271 | T50: CID213600271 | U50: ST | V50: HINDU | W50: 0 | X50: Agriculture & Farming | Y50: 18234905 | Z50: Vedmati Khadiya | AA50: 22-Oct-2019 | AB50: 51860 | AC50: 05 | AD50: 52 | AE50: 6 | AF50: 12.29 Yrs | AG50: 22 Oct 2019 | AH50: > 10 Years | AI50: 22-Oct-2019 | AJ50: 1260 | AK50: 1260 | AL50: 27-Dec-2023 | AM50: 21393.38 | AN50: 1332.64 | AO50: 22726.02 | AP50: 30768.62 | AQ50: 1617.23 | AR50: 32385.85 | AS50: 30466.62 | AT50: 1617.23 | AU50: 32083.85 | AV50: 117 | BB50: Open | BD50: 31-Mar-2022 | BE50: 51860 | BF50: CID213600271 | BG50: 9174146532 | BH50: Mithun Lal Yadav/SF0038184 | BI50: Visited | BJ50: 46260 | BK50: Borrower Death | BL50: Borrower Family Member | BM50: Not Available | BN50: NA | BQ50: Borrower Death
A51: 47 | B51: East | C51: Chhattisgarh | D51: Champa | E51: Raigarh | F51: Raigarh | G51: CHGL2136 | H51: Pussore | I51: 36202 | J51: Ruchida | K51: 36202 | L51: SF0099850 | M51: Dina Nath | N51: 54260 | O51: 48 | P51: 79604 | Q51: VAISHNO | R51: Interim Loans-BiWeekly-Migrated | S51: CID050410914 | T51: CID050410914 | U51: SC | V51: HINDU | W51: 0 | X51: Ration shop | Y51: 18362859 | Z51: CHAMELI | AA51: 05-Nov-2019 | AB51: 15558 | AC51: 07 | AD51: 38 | AE51: 4 | AF51: 11.54 Yrs | AG51: 05 Nov 2019 | AH51: > 10 Years | AI51: 05-Nov-2019 | AJ51: 0 | AK51: 0 | AL51: 26-Dec-2023 | AM51: 15092.06 | AN51: 1015.49 | AO51: 16107.55 | AP51: 1246.94 | AQ51: 0 | AR51: 1246.94 | AS51: 495.69 | AT51: 0 | AU51: 495.69 | AV51: 121 | BB51: Open | BD51: 31-Mar-2023 | BE51: 15558 | BF51: CID050410914 | BG51: 7869855090 | BH51: Mithun Lal Yadav/SF0038184 | BI51: Visited | BJ51: 46261 | BK51: Borrower Not Available | BL51: Other Borrower | BM51: Not Available | BN51: NA | BQ51: Loan card not available
A52: 48 | B52: East | C52: Chhattisgarh | D52: Champa | E52: Raigarh | F52: Raigarh | G52: CHGL2136 | H52: Pussore | I52: 36202 | J52: Ruchida | K52: 36202 | L52: SF0099850 | M52: Dina Nath | N52: 54260 | O52: 48 | P52: 79604 | Q52: VAISHNO | R52: Interim Loans-Monthly-Migrated | S52: CID050410911 | T52: CID050410911 | U52: SC | V52: HINDU | W52: 0 | X52: Ration shop | Y52: 18362864 | Z52: HEMA | AA52: 03-Nov-2019 | AB52: 15558 | AC52: 07 | AD52: 38 | AE52: 4 | AF52: 11.54 Yrs | AG52: 03 Nov 2019 | AH52: > 10 Years | AI52: 03-Nov-2019 | AJ52: 590 | AK52: 590 | AL52: 27-Dec-2023 | AM52: 7521.91 | AN52: 79 | AO52: 7600.91 | AP52: 9390.97 | AQ52: 1703.57 | AR52: 11094.54 | AS52: 8901.09 | AT52: 1703.57 | AU52: 10604.66 | AV52: 60 | BB52: Open | BD52: 31-Mar-2023 | BE52: 15558 | BF52: CID050410911 | BG52: 8458112421 | BH52: Mithun Lal Yadav/SF0038184 | BI52: Visited | BJ52: 46261 | BK52: Borrower Not Available | BL52: Other Borrower | BM52: Not Available | BN52: NA | BQ52: Loan card not available
A53: 49 | B53: East | C53: Chhattisgarh | D53: Champa | E53: Raigarh | F53: Raigarh | G53: CHGL2136 | H53: Pussore | I53: 36202 | J53: Ruchida | K53: 36202 | L53: SF0099850 | M53: Dina Nath | N53: 54260 | O53: 48 | P53: 79604 | Q53: VAISHNO | R53: Interim Loans-BiWeekly-Migrated | S53: CID050410912 | T53: CID050410912 | U53: SC | V53: HINDU | W53: 0 | X53: Agriculture & Farming | Y53: 18362869 | Z53: Santoshi Chouhan | AA53: 05-Nov-2019 | AB53: 15558 | AC53: 07 | AD53: 38 | AE53: 4 | AF53: 11.53 Yrs | AG53: 06 May 2019 | AH53: > 10 Years | AI53: 05-Nov-2019 | AJ53: 0 | AK53: 0 | AL53: 31-Mar-2022 | AM53: 5535.29 | AN53: 78.45 | AO53: 5613.74 | AP53: 10386.71 | AQ53: 1116.41 | AR53: 11503.12 | AS53: 10175.14 | AT53: 1116.41 | AU53: 11291.55 | AV53: 118 | BB53: Open | BD53: 31-Mar-2023 | BE53: 15558 | BF53: CID050410912 | BG53: 9109686912 | BH53: Mithun Lal Yadav/SF0038184 | BI53: Visited | BJ53: 46261 | BK53: Borrower Not Available | BL53: Other Borrower | BM53: Not Available | BN53: NA | BQ53: Loan card not available
A54: 50 | B54: East | C54: Chhattisgarh | D54: Champa | E54: Raigarh | F54: Raigarh | G54: CHGL2136 | H54: Pussore | I54: 36178 | J54: Rengal Pali | K54: 36178 | L54: SF0097262 | M54: Gagan Bihari Seth | N54: 54087 | O54: 183 | P54: 79358 | Q54: Laxmi-4 | R54: Abhilasha - JLG Loans-Monthly-Migrated | S54: CID050410904 | T54: CID050410904 | U54: ST | V54: HINDU | W54: 0 | X54: Agriculture & Farming | Y54: 18443298 | Z54: KAUSHLYA SAO | AA54: 12-Nov-2019 | AB54: 41488 | AC54: 03 | AD54: 52 | AE54: 4 | AF54: 6.79 Yrs | AG54: 12 Nov 2019 | AH54: > 6 to 10 Years | AI54: 12-Nov-2019 | AJ54: 1290 | AK54: 1290 | AL54: 27-Dec-2023 | AM54: 33235.46 | AN54: 82 | AO54: 33317.46 | AP54: 8958.53 | AQ54: 581.84 | AR54: 9540.37 | AS54: 8594.54 | AT54: 581.84 | AU54: 9176.38 | AV54: 59 | BB54: Open | BD54: 31-Mar-2023 | BE54: 41488 | BF54: CID050410904 | BG54: 7049077503 | BH54: Mithun Lal Yadav/SF0038184 | BI54: Visited | BJ54: 46261 | BK54: Borrower Available | BL54: Borrower | BM54: Not Available | BN54: NA | BQ54: Agree to paid
A55: 51 | B55: East | C55: Chhattisgarh | D55: Champa | E55: Raigarh | F55: Raigarh | G55: CHGL2136 | H55: Pussore | I55: 36165 | J55: Kodpali | K55: 36165 | L55: SF0059997 | M55: Jay Prakash Ratre | N55: 54158 | O55: 80 | P55: 79755 | Q55: VANDANA | R55: Abhilasha - JLG Loans-BiWeekly-Migrated | S55: CID213608243 | T55: CID213608243 | U55: EBC | V55: HINDU | W55: 0 | X55: Agriculture & Farming | Y55: 18444819 | Z55: RAMBHA MEHER | AA55: 16-Nov-2019 | AB55: 51860 | AC55: 03 | AD55: 52 | AE55: 4 | AF55: 11.26 Yrs | AG55: 16 Nov 2019 | AH55: > 10 Years | AI55: 16-Nov-2019 | AJ55: 1260 | AK55: 1260 | AL55: 27-Dec-2023 | AM55: 47415.93 | AN55: 345 | AO55: 47760.93 | AP55: 4783.07 | AQ55: 76 | AR55: 4859.07 | AS55: 4444.07 | AT55: 76 | AU55: 4520.07 | AV55: 122 | BB55: Open | BD55: 31-Mar-2023 | BE55: 51860 | BF55: CID213608243 | BG55: 9179384177 | BH55: Mithun Lal Yadav/SF0038184 | BI55: Visited | BJ55: 46261 | BK55: Borrower Available | BL55: Borrower | BM55: Not Available | BN55: NA | BQ55: Agree to paid
A56: 52 | B56: East | C56: Chhattisgarh | D56: Champa | E56: Raigarh | F56: Raigarh | G56: CHGL2136 | H56: Pussore | I56: 36314 | J56: Kodpali | K56: 36314 | L56: SF0059997 | M56: Jay Prakash Ratre | N56: 54280 | O56: 425695 | P56: 79635 | Q56: 835605 | R56: Abhilasha - JLG Loans-Monthly-Migrated | S56: SID951373316719 | T56: SID951373316719 | U56: EBC | V56: HINDU | W56: 0 | X56: Agriculture & Farming | Y56: 18794371 | Z56: PANKAJINI | AA56: 11-Dec-2019 | AB56: 41488 | AC56: 02 | AD56: 24 | AE56: 2 | AF56: 8.55 Yrs | AG56: 22 May 2019 | AH56: > 6 to 10 Years | AI56: 11-Dec-2019 | AJ56: 2195 | AK56: 2195 | AL56: 27-Dec-2023 | AM56: 36843.59 | AN56: 1890 | AO56: 38733.59 | AP56: 7131.41 | AQ56: 72 | AR56: 7203.41 | AS56: 4644.41 | AT56: 72 | AU56: 4716.41 | AV56: 60 | BB56: Open | BE56: 0 | BF56: SID951373316719 | BG56: 7894787988 | BH56: Mithun Lal Yadav/SF0038184 | BI56: Visited | BJ56: 46261 | BK56: Borrower Not Available | BL56: Other Borrower | BM56: Not Available | BN56: NA | BQ56: Borrower not available
A57: 53 | B57: East | C57: Chhattisgarh | D57: Champa | E57: Raigarh | F57: Raigarh | G57: CHGL2136 | H57: Pussore | I57: 36240 | J57: Kensara. | K57: 36240 | L57: SF0097262 | M57: Gagan Bihari Seth | N57: 54221 | O57: 16 | P57: 79539 | Q57: Laxmi | R57: Abhilasha - JLG Loans-Monthly-Migrated | S57: CID213602532 | T57: CID213602532 | U57: SC | V57: HINDU | W57: 0 | X57: Salt Business | Y57: 19097260 | Z57: BASNTI MAHANT | AA57: 25-Dec-2019 | AB57: 31116 | AC57: 05 | AD57: 24 | AE57: 5 | AF57: 9.96 Yrs | AG57: 15 Mar 2019 | AH57: > 6 to 10 Years | AI57: 25-Dec-2019 | AJ57: 1645 | AK57: 1645 | AL57: 07-Jun-2022 | AM57: 20737.68 | AN57: 1420.04 | AO57: 22157.72 | AP57: 10995.88 | AQ57: 705.64 | AR57: 11701.52 | AS57: 10566.32 | AT57: 705.64 | AU57: 11271.96 | AV57: 59 | BB57: Open | BE57: 0 | BF57: CID213602532 | BG57: 7999469663 | BH57: Mithun Lal Yadav/SF0038184 | BI57: Visited | BJ57: 46260 | BK57: Borrower Available | BL57: Borrower | BM57: Not Available | BN57: NA | BQ57: Borrower Not agree to paid
A58: 54 | B58: East | C58: Chhattisgarh | D58: Champa | E58: Raigarh | F58: Raigarh | G58: CHGL2136 | H58: Pussore | I58: 36181 | J58: Kensara. | K58: 36181 | L58: SF0097262 | M58: Gagan Bihari Seth | N58: 54091 | O58: 71984 | P58: 79538 | Q58: 134092 | R58: Abhilasha - JLG Loans-Monthly-Migrated | S58: SID2125150020 | T58: SID2125150020 | U58: SC | V58: HINDU | W58: 0 | X58: Agriculture & Farming | Y58: 19101109 | Z58: VIMALA BHOY | AA58: 25-Dec-2019 | AB58: 31116 | AC58: Tue | AD58: 24 | AE58: 4 | AF58: 10.30 Yrs | AG58: 15 Mar 2019 | AH58: > 10 Years | AI58: 25-Dec-2019 | AJ58: 1645 | AK58: 1645 | AL58: 07-Aug-2022 | AM58: 27624.04 | AN58: 987 | AO58: 28611.04 | AP58: 3921.96 | AQ58: 89 | AR58: 4010.96 | AS58: 3491.96 | AT58: 89 | AU58: 3580.96 | AV58: 60 | BB58: Open | BE58: 0 | BF58: SID2125150020 | BG58: 9109723347 | BH58: Mithun Lal Yadav/SF0038184 | BI58: Visited | BJ58: 46260 | BK58: Borrower Not Available | BL58: Other Borrower | BM58: Not Available | BN58: NA | BQ58: Loan card not available
A59: 55 | B59: East | C59: Chhattisgarh | D59: Champa | E59: Raigarh | F59: Raigarh | G59: CHGL2136 | H59: Pussore | I59: 36181 | J59: Kensara. | K59: 36181 | L59: SF0097262 | M59: Gagan Bihari Seth | N59: 54171 | O59: 39 | P59: 79832 | Q59: Suniti | R59: Abhilasha - JLG Loans-Monthly-Migrated | S59: CID213600275 | T59: CID213600275 | U59: ST | V59: HINDU | W59: 0 | X59: Agriculture & Farming | Y59: 19512939 | Z59: RAMVATI SARTHI | AA59: 10-Feb-2020 | AB59: 51860 | AC59: 05 | AD59: 24 | AE59: 6 | AF59: 12.37 Yrs | AG59: 10 Feb 2020 | AH59: > 10 Years | AI59: 10-Feb-2020 | AJ59: 2750 | AK59: 2750 | AL59: 27-Dec-2023 | AM59: 37391.2 | AN59: 1590.28 | AO59: 38981.48 | AP59: 15252.8 | AQ59: 896.86 | AR59: 16149.66 | AS59: 14468.8 | AT59: 896.86 | AU59: 15365.66 | AV59: 59 | BB59: Open | BE59: 0 | BF59: CID213600275 | BG59: 7223956231 | BH59: Mithun Lal Yadav/SF0038184 | BI59: Visited | BJ59: 46260 | BK59: Borrower Not Available | BL59: Other Borrower | BM59: Not Available | BN59: NA | BQ59: Loan card not available
A60: 56 | B60: East | C60: Chhattisgarh | D60: Champa | E60: Raigarh | F60: Raigarh | G60: CHGL2136 | H60: Pussore | I60: 36240 | J60: Kensara. | K60: 36240 | L60: SF0097262 | M60: Gagan Bihari Seth | N60: 54221 | O60: 16 | P60: 79723 | Q60: GANGA | R60: Abhilasha - JLG Loans-Monthly-Migrated | S60: CID213608552 | T60: CID213608552 | U60: OBC | V60: HINDU | W60: 0 | X60: Agriculture & Farming | Y60: 19660140 | Z60: MAMTA | AA60: 10-Feb-2020 | AB60: 31116 | AC60: 05 | AD60: 24 | AE60: 3 | AF60: 8.09 Yrs | AG60: 10 Feb 2020 | AH60: > 6 to 10 Years | AI60: 10-Feb-2020 | AJ60: 1650 | AK60: 1650 | AL60: 15-Sep-2023 | AM60: 15144.94 | AN60: 3478.89 | AO60: 18623.83 | AP60: 17715.97 | AQ60: 2156.96 | AR60: 19872.93 | AS60: 17246.06 | AT60: 2156.96 | AU60: 19403.02 | AV60: 59 | BB60: Open | BE60: 0 | BF60: CID213608552 | BG60: 7489026831 | BH60: Mithun Lal Yadav/SF0038184 | BI60: Visited | BJ60: 46260 | BK60: Borrower Not Available | BL60: Other Borrower | BM60: Not Available | BN60: NA | BQ60: Loan card not available
A61: 57 | B61: East | C61: Chhattisgarh | D61: Champa | E61: Raigarh | F61: Raigarh | G61: CHGL2136 | H61: Pussore | I61: 36240 | J61: Kensara. | K61: 36240 | L61: SF0097262 | M61: Gagan Bihari Seth | N61: 54221 | O61: 16 | P61: 79785 | Q61: Radha | R61: Abhilasha - JLG Loans-Monthly-Migrated | S61: SID2125035914 | T61: SID2125035914 | U61: EBC | V61: HINDU | W61: 0 | X61: Agriculture & Farming | Y61: 19809949 | Z61: NIL BAI BAIRAGI | AA61: 26-Dec-2019 | AB61: 31116 | AC61: 05 | AD61: 24 | AE61: 4 | AF61: 10.94 Yrs | AG61: 26 Dec 2019 | AH61: > 10 Years | AI61: 26-Dec-2019 | AJ61: 1645 | AK61: 1645 | AL61: 27-Dec-2023 | AM61: 30783.27 | AN61: 1148 | AO61: 31931.27 | AP61: 1357.73 | AQ61: 6 | AR61: 1363.73 | AS61: 332.73 | AT61: 6 | AU61: 338.73 | AV61: 60 | BB61: Open | BE61: 0 | BF61: SID2125035914 | BG61: 7869175443 | BH61: Mithun Lal Yadav/SF0038184 | BI61: Visited | BJ61: 46260 | BK61: Borrower Not Available | BL61: Other Borrower | BM61: Not Available | BN61: NA | BQ61: Loan card not available
A62: 58 | B62: East | C62: Chhattisgarh | D62: Champa | E62: Raigarh | F62: Raigarh | G62: CHGL2136 | H62: Pussore | I62: 36226 | J62: Kensara | K62: 36226 | L62: SF0097262 | M62: Gagan Bihari Seth | N62: 54151 | O62: 63019 | P62: 79429 | Q62: 130949 | R62: Abhilasha - JLG Loans-Monthly-Migrated | S62: CID050401244 | T62: CID050401244 | U62: ST | V62: HINDU | W62: 0 | X62: Agriculture & Farming | Y62: 19864019 | Z62: SHURUVAL KHADIYA | AA62: 22-Feb-2020 | AB62: 31116 | AC62: Thu | AD62: 18 | AE62: 8 | AF62: 12.68 Yrs | AG62: 30 Oct 2018 | AH62: > 10 Years | AI62: 22-Feb-2020 | AJ62: 2100 | AK62: 3581 | AL62: 31-Mar-2022 | AM62: 17576.87 | AN62: 0 | AO62: 17576.87 | AP62: 13967.13 | AQ62: 186 | AR62: 14153.13 | AS62: 13539.13 | AT62: 186 | AU62: 13725.13 | AV62: 60 | BB62: Open | BE62: 0 | BF62: CID050401244 | BG62: 7724909983 | BH62: Mithun Lal Yadav/SF0038184 | BI62: Visited | BJ62: 46260 | BK62: Borrower Available | BL62: Borrower | BM62: Not Available | BN62: NA | BQ62: Agree to Paid
A63: 59 | B63: East | C63: Chhattisgarh | D63: Champa | E63: Raigarh | F63: Raigarh | G63: CHGL2136 | H63: Pussore | I63: 36165 | J63: Kodpali | K63: 36165 | L63: SF0059997 | M63: Jay Prakash Ratre | N63: 54158 | O63: 80 | P63: 79755 | Q63: VANDANA | R63: Abhilasha - JLG Loans-Monthly-Migrated | S63: SID951373238020 | T63: SID951373238020 | U63: EBC | V63: HINDU | W63: 0 | X63: Agriculture & Farming | Y63: 19937692 | Z63: Basanti Kapdi | AA63: 20-Dec-2019 | AB63: 37339 | AC63: 03 | AD63: 24 | AE63: 2 | AF63: 8.64 Yrs | AG63: 20 Dec 2019 | AH63: > 6 to 10 Years | AI63: 20-Dec-2019 | AJ63: 1975 | AK63: 1975 | AL63: 15-Sep-2023 | AM63: 17911.22 | AN63: 1073 | AO63: 18984.22 | AP63: 20692.26 | AQ63: 2378.19 | AR63: 23070.45 | AS63: 20109.78 | AT63: 2378.19 | AU63: 22487.97 | AV63: 59 | BB63: Open | BE63: 0 | BF63: SID951373238020 | BG63: 7024905895 | BH63: Mithun Lal Yadav/SF0038184 | BI63: Visited | BJ63: 46261 | BK63: Borrower Not Available | BL63: Other Borrower | BM63: Not Available | BN63: NA | BQ63: Borrower not available
A64: 60 | B64: East | C64: Chhattisgarh | D64: Champa | E64: Raigarh | F64: Raigarh | G64: CHGL2136 | H64: Pussore | I64: 36165 | J64: Kodpali | K64: 36165 | L64: SF0059997 | M64: Jay Prakash Ratre | N64: 54158 | O64: 80 | P64: 79755 | Q64: VANDANA | R64: Abhilasha - JLG Loans-Monthly-Migrated | S64: SID951375527176 | T64: SID951375527176 | U64: EBC | V64: HINDU | W64: 0 | X64: Agriculture & Farming | Y64: 19937770 | Z64: Champa dhoba | AA64: 06-Jan-2020 | AB64: 31116 | AC64: 03 | AD64: 24 | AE64: 1 | AF64: 6.64 Yrs | AG64: 06 Jan 2020 | AH64: > 6 to 10 Years | AI64: 06-Jan-2020 | AJ64: 1650 | AK64: 1650 | AL64: 27-Dec-2023 | AM64: 23214.21 | AN64: 1968.33 | AO64: 25182.54 | AP64: 8666.26 | AQ64: 424.23 | AR64: 9090.49 | AS64: 8137.79 | AT64: 424.23 | AU64: 8562.02 | AV64: 59 | BB64: Open | BE64: 0 | BF64: SID951375527176 | BG64: 6268631145 | BH64: Mithun Lal Yadav/SF0038184 | BI64: Visited | BJ64: 46261 | BK64: Borrower Not Available | BL64: Other Borrower | BM64: Not Available | BN64: NA | BQ64: Borrower not available
A65: 61 | B65: East | C65: Chhattisgarh | D65: Champa | E65: Raigarh | F65: Raigarh | G65: CHGL2136 | H65: Pussore | I65: 36165 | J65: Kodpali | K65: 36165 | L65: SF0059997 | M65: Jay Prakash Ratre | N65: 54158 | O65: 80 | P65: 79755 | Q65: VANDANA | R65: Abhilasha - JLG Loans-Monthly-Migrated | S65: SID951375527302 | T65: SID951375527302 | U65: EBC | V65: HINDU | W65: 0 | X65: Agriculture & Farming | Y65: 19938274 | Z65: Kuntla saral | AA65: 20-Dec-2019 | AB65: 31116 | AC65: 03 | AD65: 24 | AE65: 1 | AF65: 6.68 Yrs | AG65: 20 Dec 2019 | AH65: > 6 to 10 Years | AI65: 20-Dec-2019 | AJ65: 1645 | AK65: 1645 | AL65: 27-Dec-2023 | AM65: 30610.86 | AN65: 1460.36 | AO65: 32071.22 | AP65: 1196.92 | AQ65: 0 | AR65: 1196.92 | AS65: 694.14 | AT65: 0 | AU65: 694.14 | AV65: 59 | BB65: Open | BE65: 0 | BF65: SID951375527302 | BG65: 8827991519 | BH65: Mithun Lal Yadav/SF0038184 | BI65: Visited | BJ65: 46261 | BK65: Borrower Not Available | BL65: Other Borrower | BM65: Not Available | BN65: NA | BQ65: Borrower Husband death issue
A66: 62 | B66: East | C66: Chhattisgarh | D66: Champa | E66: Raigarh | F66: Raigarh | G66: CHGL2136 | H66: Pussore | I66: 36165 | J66: Kodpali | K66: 36165 | L66: SF0059997 | M66: Jay Prakash Ratre | N66: 54158 | O66: 80 | P66: 79436 | Q66: Laxmi | R66: Abhilasha - JLG Loans-Monthly-Migrated | S66: SID951375241029 | T66: SID951375241029 | U66: EBC | V66: HINDU | W66: 0 | X66: Agriculture & Farming | Y66: 20282114 | Z66: NANDINI | AA66: 24-Feb-2020 | AB66: 20744 | AC66: 03 | AD66: 24 | AE66: 2 | AF66: 6.98 Yrs | AG66: 03 Sep 2019 | AH66: > 6 to 10 Years | AI66: 24-Feb-2020 | AJ66: 1100 | AK66: 1100 | AL66: 31-Mar-2022 | AM66: 3241.68 | AN66: 130.58 | AO66: 3372.26 | AP66: 21676.31 | AQ66: 4803.1 | AR66: 26479.41 | AS66: 19899.32 | AT66: 4803.1 | AU66: 24702.42 | AV66: 60 | BB66: Open | BD66: 30-Jun-2022 | BE66: 20744 | BF66: SID951375241029 | BG66: 6372464102 | BH66: Mithun Lal Yadav/SF0038184 | BI66: Visited | BJ66: 46261 | BK66: Borrower Not Available | BL66: Other Borrower | BM66: Not Available | BN66: NA | BQ66: Borrower not available
A67: 63 | B67: East | C67: Chhattisgarh | D67: Champa | E67: Raigarh | F67: Raigarh | G67: CHGL2136 | H67: Pussore | I67: 36240 | J67: Kensara. | K67: 36240 | L67: SF0097262 | M67: Gagan Bihari Seth | N67: 54221 | O67: 16 | P67: 79785 | Q67: Radha | R67: Abhilasha - JLG Loans-Monthly-Migrated | S67: SID951373538606 | T67: SID951373538606 | U67: ST | V67: HINDU | W67: 0 | X67: Agriculture & Farming | Y67: 20282940 | Z67: Hemo | AA67: 25-Dec-2019 | AB67: 31116 | AC67: 05 | AD67: 24 | AE67: 3 | AF67: 8.41 Yrs | AG67: 29 Aug 2019 | AH67: > 6 to 10 Years | AI67: 25-Dec-2019 | AJ67: 1645 | AK67: 1645 | AL67: 01-Oct-2023 | AM67: 21729.22 | AN67: 1873 | AO67: 23602.22 | AP67: 10613.52 | AQ67: 583.22 | AR67: 11196.74 | AS67: 9588.78 | AT67: 583.22 | AU67: 10172 | AV67: 59 | BB67: Open | BE67: 0 | BF67: SID951373538606 | BG67: 7067387529 | BH67: Mithun Lal Yadav/SF0038184 | BI67: Visited | BJ67: 46260 | BK67: Borrower Not Available | BL67: Other Borrower | BM67: Not Available | BN67: NA | BQ67: Loan card not available
A68: 64 | B68: East | C68: Chhattisgarh | D68: Champa | E68: Raigarh | F68: Raigarh | G68: CHGL2136 | H68: Pussore | I68: 36240 | J68: Kensara. | K68: 36240 | L68: SF0097262 | M68: Gagan Bihari Seth | N68: 54221 | O68: 16 | P68: 79539 | Q68: Laxmi | R68: Abhilasha - JLG Loans-Monthly-Migrated | S68: SID2125507768 | T68: SID2125507768 | U68: ST | V68: HINDU | W68: 0 | X68: Agriculture & Farming | Y68: 20285854 | Z68: SAVITA SARTHI | AA68: 26-Dec-2019 | AB68: 31116 | AC68: 05 | AD68: 24 | AE68: 4 | AF68: 8.07 Yrs | AG68: 20 Sep 2019 | AH68: > 6 to 10 Years | AI68: 26-Dec-2019 | AJ68: 1645 | AK68: 1645 | AL68: 07-Apr-2022 | AM68: 16298.4 | AN68: 1772 | AO68: 18070.4 | AP68: 15930.65 | AQ68: 1676.4 | AR68: 17607.05 | AS68: 14906.6 | AT68: 1676.4 | AU68: 16583 | AV68: 59 | BB68: Open | BE68: 0 | BF68: SID2125507768 | BG68: 7389042724 | BH68: Mithun Lal Yadav/SF0038184 | BI68: Visited | BJ68: 46260 | BK68: Borrower Not Available | BL68: Other Borrower | BM68: Not Available | BN68: NA | BQ68: Loan card not available
A69: 65 | B69: East | C69: Chhattisgarh | D69: Champa | E69: Raigarh | F69: Raigarh | G69: CHGL2136 | H69: Pussore | I69: 36240 | J69: Kensara. | K69: 36240 | L69: SF0097262 | M69: Gagan Bihari Seth | N69: 54221 | O69: 16 | P69: 79539 | Q69: Laxmi | R69: Abhilasha - JLG Loans-Monthly-Migrated | S69: CID050401236 | T69: CID050401236 | U69: ST | V69: HINDU | W69: 0 | X69: Agriculture & Farming | Y69: 20285856 | Z69: Basanti Mahant | AA69: 07-Feb-2020 | AB69: 31116 | AC69: 05 | AD69: 24 | AE69: 8 | AF69: 12.64 Yrs | AG69: 17 Sep 2019 | AH69: > 10 Years | AI69: 07-Feb-2020 | AJ69: 1650 | AK69: 1650 | AL69: 16-Sep-2022 | AM69: 19355.03 | AN69: 3253.39 | AO69: 22608.42 | AP69: 12374.85 | AQ69: 891.16 | AR69: 13266.01 | AS69: 11903.97 | AT69: 891.16 | AU69: 12795.13 | AV69: 59 | BB69: Open | BE69: 0 | BF69: CID050401236 | BG69: 8223941264 | BH69: Mithun Lal Yadav/SF0038184 | BI69: Visited | BJ69: 46260 | BK69: Borrower Available | BL69: Borrower | BM69: Not Available | BN69: NA | BQ69: Borrower Not agree to paid
A70: 66 | B70: East | C70: Chhattisgarh | D70: Champa | E70: Raigarh | F70: Raigarh | G70: CHGL2136 | H70: Pussore | I70: 36240 | J70: Kensara. | K70: 36240 | L70: SF0097262 | M70: Gagan Bihari Seth | N70: 54221 | O70: 16 | P70: 79539 | Q70: Laxmi | R70: Abhilasha - JLG Loans-Monthly-Migrated | S70: CID050401195 | T70: CID050401195 | U70: ST | V70: HINDU | W70: 0 | X70: Agriculture & Farming | Y70: 20285858 | Z70: Madhuri | AA70: 07-Feb-2020 | AB70: 31116 | AC70: 05 | AD70: 24 | AE70: 8 | AF70: 12.56 Yrs | AG70: 20 Aug 2019 | AH70: > 10 Years | AI70: 07-Feb-2020 | AJ70: 1650 | AK70: 1650 | AL70: 07-Nov-2022 | AM70: 25749.22 | AN70: 1891.78 | AO70: 27641 | AP70: 6280.78 | AQ70: 243.22 | AR70: 6524 | AS70: 5366.78 | AT70: 243.22 | AU70: 5610 | AV70: 60 | BB70: Open | BE70: 0 | BF70: CID050401195 | BG70: 6267972335 | BH70: Mithun Lal Yadav/SF0038184 | BI70: Visited | BJ70: 46260 | BK70: Borrower Not Available | BL70: Other Borrower | BM70: Not Available | BN70: NA | BQ70: Loan card not available
A71: 67 | B71: East | C71: Chhattisgarh | D71: Champa | E71: Raigarh | F71: Raigarh | G71: CHGL2136 | H71: Pussore | I71: 36240 | J71: Kensara. | K71: 36240 | L71: SF0097262 | M71: Gagan Bihari Seth | N71: 54221 | O71: 16 | P71: 79723 | Q71: GANGA | R71: Abhilasha - JLG Loans-Monthly-Migrated | S71: CID050401237 | T71: CID050401237 | U71: OBC | V71: HINDU | W71: 0 | X71: Agriculture & Farming | Y71: 20286402 | Z71: SANTRABAI MAHANT | AA71: 25-Dec-2019 | AB71: 31116 | AC71: 05 | AD71: 24 | AE71: 7 | AF71: 8.45 Yrs | AG71: 17 Jul 2019 | AH71: > 6 to 10 Years | AI71: 25-Dec-2019 | AJ71: 1645 | AK71: 1645 | AL71: 07-Aug-2022 | AM71: 23787.24 | AN71: 1254 | AO71: 25041.24 | AP71: 7832.65 | AQ71: 386.24 | AR71: 8218.89 | AS71: 7402.76 | AT71: 386.24 | AU71: 7789 | AV71: 59 | BB71: Open | BE71: 0 | BF71: CID050401237 | BG71: 7804826138 | BH71: Mithun Lal Yadav/SF0038184 | BI71: Visited | BJ71: 46260 | BK71: Borrower Available | BL71: Borrower | BM71: Not Available | BN71: NA | BQ71: Borrower Not agree to paid
A72: 68 | B72: East | C72: Chhattisgarh | D72: Champa | E72: Raigarh | F72: Raigarh | G72: CHGL2136 | H72: Pussore | I72: 36240 | J72: Kensara. | K72: 36240 | L72: SF0097262 | M72: Gagan Bihari Seth | N72: 54221 | O72: 16 | P72: 79723 | Q72: GANGA | R72: Abhilasha - JLG Loans-Monthly-Migrated | S72: CID050404448 | T72: CID050404448 | U72: SC | V72: HINDU | W72: 0 | X72: Agriculture & Farming | Y72: 20286403 | Z72: USHA BAI | AA72: 25-Dec-2019 | AB72: 31116 | AC72: 05 | AD72: 24 | AE72: 7 | AF72: 8.39 Yrs | AG72: 28 Sep 2019 | AH72: > 6 to 10 Years | AI72: 25-Dec-2019 | AJ72: 1645 | AK72: 1645 | AL72: 07-May-2022 | AM72: 16675.8 | AN72: 2443 | AO72: 19118.8 | AP72: 16467.77 | AQ72: 1578.8 | AR72: 18046.57 | AS72: 14703.2 | AT72: 1578.8 | AU72: 16282 | AV72: 59 | BB72: Open | BE72: 0 | BF72: CID050404448 | BG72: 7803892450 | BH72: Mithun Lal Yadav/SF0038184 | BI72: Visited | BJ72: 46260 | BK72: Borrower Not Available | BL72: Other Borrower | BM72: Not Available | BN72: NA | BQ72: Loan card not available
A73: 69 | B73: East | C73: Chhattisgarh | D73: Champa | E73: Raigarh | F73: Raigarh | G73: CHGL2136 | H73: Pussore | I73: 36240 | J73: Kensara. | K73: 36240 | L73: SF0097262 | M73: Gagan Bihari Seth | N73: 54221 | O73: 16 | P73: 79794 | Q73: LAXMI A | R73: Abhilasha - JLG Loans-Monthly-Migrated | S73: CID050403615 | T73: CID050403615 | U73: ST | V73: HINDU | W73: 0 | X73: Agriculture & Farming | Y73: 20373210 | Z73: Sushila Bhoy | AA73: 25-Dec-2019 | AB73: 31116 | AC73: 05 | AD73: 24 | AE73: 6 | AF73: 8.43 Yrs | AG73: 19 Sep 2019 | AH73: > 6 to 10 Years | AI73: 25-Dec-2019 | AJ73: 1645 | AK73: 1645 | AL73: 07-Feb-2022 | AM73: 13180 | AN73: 0 | AO73: 13180 | AP73: 18985 | AQ73: 1622 | AR73: 20607 | AS73: 17936 | AT73: 1622 | AU73: 19558 | AV73: 60 | BB73: Open | BE73: 0 | BF73: CID050403615 | BG73: 8305924028 | BH73: Mithun Lal Yadav/SF0038184 | BI73: Visited | BJ73: 46260 | BK73: Borrower Not Available | BL73: Other Borrower | BM73: Not Available | BN73: NA | BQ73: Borrower Husband death
A74: 70 | B74: East | C74: Chhattisgarh | D74: Champa | E74: Raigarh | F74: Raigarh | G74: CHGL2136 | H74: Pussore | I74: 36240 | J74: Kensara. | K74: 36240 | L74: SF0097262 | M74: Gagan Bihari Seth | N74: 54221 | O74: 16 | P74: 79539 | Q74: Laxmi | R74: Abhilasha - JLG Loans-Monthly-Migrated | S74: SID951375678359 | T74: SID951375678359 | U74: SC | V74: HINDU | W74: 0 | X74: Agriculture & Farming | Y74: 21512472 | Z74: JAYANTI BHOY | AA74: 11-Feb-2020 | AB74: 31116 | AC74: 05 | AD74: 24 | AE74: 1 | AF74: 6.54 Yrs | AG74: 11 Feb 2020 | AH74: > 6 to 10 Years | AI74: 11-Feb-2020 | AJ74: 1650 | AK74: 1650 | AL74: 27-Dec-2023 | AM74: 26684.4 | AN74: 2063.33 | AO74: 28747.73 | AP74: 5091.07 | AQ74: 101.48 | AR74: 5192.55 | AS74: 4621.6 | AT74: 101.48 | AU74: 4723.08 | AV74: 59 | BB74: Open | BE74: 0 | BF74: SID951375678359 | BG74: 9981433953 | BH74: Mithun Lal Yadav/SF0038184 | BI74: Visited | BJ74: 46260 | BK74: Borrower Not Available | BL74: Other Borrower | BM74: Not Available | BN74: NA | BQ74: Loan card not available
A75: 71 | B75: East | C75: Chhattisgarh | D75: Champa | E75: Raigarh | F75: Raigarh | G75: CHGL2136 | H75: Pussore | I75: 36240 | J75: Kensara. | K75: 36240 | L75: SF0097262 | M75: Gagan Bihari Seth | N75: 54176 | O75: 21 | P75: 79460 | Q75: Krishna | R75: Interim Loans-Monthly-Migrated | S75: CID050401468 | T75: CID050401468 | U75: ST | V75: HINDU | W75: 0 | X75: CENTERING BUSINESS | Y75: 21747837 | Z75: Uma Mahant | AA75: 22-Feb-2020 | AB75: 20744 | AC75: 05 | AD75: 18 | AE75: 7 | AF75: 12.70 Yrs | AG75: 30 Nov 2018 | AH75: > 10 Years | AI75: 22-Feb-2020 | AJ75: 1400 | AK75: 1400 | AL75: 07-Dec-2023 | AM75: 20943.5 | AN75: 1729.81 | AO75: 22673.31 | AP75: 1001.84 | AQ75: 0.85 | AR75: 1002.69 | AS75: 337.5 | AT75: 0.85 | AU75: 338.35 | AV75: 59 | BB75: Open | BE75: 0 | BF75: CID050401468 | BG75: 8085398147 | BH75: Mithun Lal Yadav/SF0038184 | BI75: Visited | BJ75: 46260 | BK75: Borrower Available | BL75: Borrower | BM75: Not Available | BN75: NA | BQ75: Agree to Paid
A76: 72 | B76: East | C76: Chhattisgarh | D76: Champa | E76: Raigarh | F76: Raigarh | G76: CHGL2136 | H76: Pussore | I76: 36165 | J76: Kodpali | K76: 36165 | L76: SF0059997 | M76: Jay Prakash Ratre | N76: 54158 | O76: 80 | P76: 79436 | Q76: Laxmi | R76: Interim Loans-Monthly-Migrated | S76: SID2125312887 | T76: SID2125312887 | U76: SC | V76: HINDU | W76: 0 | X76: Fish Vending | Y76: 21755627 | Z76: Mathura | AA76: 24-Feb-2020 | AB76: 20744 | AC76: 03 | AD76: 24 | AE76: 3 | AF76: 10.39 Yrs | AG76: 03 Nov 2018 | AH76: > 10 Years | AI76: 24-Feb-2020 | AJ76: 1100 | AK76: 1100 | AL76: 26-Dec-2023 | AM76: 5397.75 | AN76: 0 | AO76: 5397.75 | AP76: 17364.25 | AQ76: 1415 | AR76: 18779.25 | AS76: 15346.25 | AT76: 1415 | AU76: 16761.25 | AV76: 60 | BB76: Open | BD76: 31-Mar-2023 | BE76: 20744 | BF76: SID2125312887 | BG76: 9691487343 | BH76: Mithun Lal Yadav/SF0038184 | BI76: Visited | BJ76: 46261 | BK76: Borrower Not Available | BL76: Other Borrower | BM76: Not Available | BN76: NA | BQ76: Borrower not available
A77: 73 | B77: East | C77: Chhattisgarh | D77: Champa | E77: Raigarh | F77: Raigarh | G77: CHGL2136 | H77: Pussore | I77: 36165 | J77: Kodpali | K77: 36165 | L77: SF0059997 | M77: Jay Prakash Ratre | N77: 54158 | O77: 80 | P77: 79436 | Q77: Laxmi | R77: Interim Loans-Monthly-Migrated | S77: SID2125312905 | T77: SID2125312905 | U77: ST | V77: HINDU | W77: 0 | X77: Fish Vending | Y77: 21755628 | Z77: PADMA | AA77: 24-Feb-2020 | AB77: 20744 | AC77: 03 | AD77: 24 | AE77: 3 | AF77: 10.39 Yrs | AG77: 03 Nov 2018 | AH77: > 10 Years | AI77: 24-Feb-2020 | AJ77: 1100 | AK77: 1100 | AL77: 27-Dec-2023 | AM77: 1802 | AN77: 1212.07 | AO77: 3014.07 | AP77: 20359 | AQ77: 3017.93 | AR77: 23376.93 | AS77: 18942 | AT77: 3017.93 | AU77: 21959.93 | AV77: 60 | BB77: Open | BE77: 0 | BF77: SID2125312905 | BG77: 9109302524 | BH77: Mithun Lal Yadav/SF0038184 | BI77: Visited | BJ77: 46261 | BK77: Borrower Available | BL77: Borrower | BM77: Not Available | BN77: NA | BQ77: Agree to Paid
A78: 74 | B78: East | C78: Chhattisgarh | D78: Champa | E78: Raigarh | F78: Raigarh | G78: CHGL2136 | H78: Pussore | I78: 36165 | J78: Kodpali | K78: 36165 | L78: SF0059997 | M78: Jay Prakash Ratre | N78: 54158 | O78: 80 | P78: 79436 | Q78: Laxmi | R78: Interim Loans-Monthly-Migrated | S78: SID2125315181 | T78: SID2125315181 | U78: EBC | V78: HINDU | W78: 0 | X78: Agriculture & Farming | Y78: 21755629 | Z78: MEENA | AA78: 24-Feb-2020 | AB78: 20744 | AC78: 03 | AD78: 24 | AE78: 3 | AF78: 10.39 Yrs | AG78: 03 Nov 2018 | AH78: > 10 Years | AI78: 24-Feb-2020 | AJ78: 1100 | AK78: 1100 | AL78: 27-Dec-2023 | AM78: 3390.45 | AN78: 133.75 | AO78: 3524.2 | AP78: 20854.32 | AQ78: 4530.7 | AR78: 25385.02 | AS78: 19437.55 | AT78: 4530.7 | AU78: 23968.25 | AV78: 60 | BB78: Open | BD78: 31-Mar-2022 | BE78: 20744 | BF78: SID2125315181 | BG78: 8356001583 | BH78: Mithun Lal Yadav/SF0038184 | BI78: Visited | BJ78: 46261 | BK78: Borrower Available | BL78: Borrower | BM78: Not Available | BN78: NA | BQ78: Agree to Paid
A79: 75 | B79: East | C79: Chhattisgarh | D79: Champa | E79: Raigarh | F79: Raigarh | G79: CHGL2136 | H79: Pussore | I79: 36165 | J79: Kodpali | K79: 36165 | L79: SF0059997 | M79: Jay Prakash Ratre | N79: 54158 | O79: 80 | P79: 79436 | Q79: Laxmi | R79: Abhilasha - JLG Loans-Monthly-Migrated | S79: SID951375754603 | T79: SID951375754603 | U79: EBC | V79: HINDU | W79: 0 | X79: Agriculture & Farming | Y79: 21755631 | Z79: SAMARI CHOUHAN | AA79: 24-Feb-2020 | AB79: 31116 | AC79: 03 | AD79: 24 | AE79: 1 | AF79: 6.50 Yrs | AG79: 24 Feb 2020 | AH79: > 6 to 10 Years | AI79: 24-Feb-2020 | AJ79: 1650 | AK79: 1650 | AL79: 27-Dec-2023 | AM79: 6116.48 | AN79: 284.92 | AO79: 6401.4 | AP79: 27303.8 | AQ79: 4682.56 | AR79: 31986.36 | AS79: 25179.52 | AT79: 4682.56 | AU79: 29862.08 | AV79: 59 | BB79: Open | BE79: 0 | BF79: SID951375754603 | BG79: 9752984127 | BH79: Mithun Lal Yadav/SF0038184 | BI79: Visited | BJ79: 46261 | BK79: Borrower Not Available | BL79: Other Borrower | BM79: Not Available | BN79: NA | BQ79: Borrower not available
A80: 76 | B80: East | C80: Chhattisgarh | D80: Champa | E80: Raigarh | F80: Raigarh | G80: CHGL2136 | H80: Pussore | I80: 36165 | J80: Kodpali | K80: 36165 | L80: SF0059997 | M80: Jay Prakash Ratre | N80: 54158 | O80: 80 | P80: 79755 | Q80: VANDANA | R80: Interim Loans-Monthly-Migrated | S80: CID213608239 | T80: CID213608239 | U80: EBC | V80: HINDU | W80: 0 | X80: Agriculture & Farming | Y80: 22922029 | Z80: PUSHPA YADAV | AA80: 15-Jul-2020 | AB80: 20744 | AC80: 03 | AD80: 18 | AE80: 4 | AF80: 11.25 Yrs | AG80: 03 Aug 2019 | AH80: > 10 Years | AI80: 15-Jul-2020 | AJ80: 1400 | AK80: 1400 | AL80: 03-Oct-2021 | AM80: 9227.57 | AN80: 175.67 | AO80: 9403.24 | AP80: 12706.7 | AQ80: 1245.57 | AR80: 13952.27 | AS80: 12707.43 | AT80: 1245.57 | AU80: 13953 | AV80: 59 | BB80: Open | BE80: 0 | BF80: CID213608239 | BG80: 9109965052 | BH80: Mithun Lal Yadav/SF0038184 | BI80: Visited | BJ80: 46261 | BK80: Borrower Available | BL80: Borrower | BM80: Not Available | BN80: NA | BQ80: borrower Not agree to paid
A81: 77 | B81: East | C81: Chhattisgarh | D81: Champa | E81: Raigarh | F81: Raigarh | G81: CHGL2136 | H81: Pussore | I81: 36178 | J81: Rengal Pali | K81: 36178 | L81: SF0097262 | M81: Gagan Bihari Seth | N81: 54358 | O81: 447532 | P81: 79812 | Q81: RANI | R81: Chetana Loans-Montly-Migrated | S81: SID951373597485 | T81: SID951373597485 | U81: ST | V81: HINDU | W81: 0 | X81: Agriculture & Farming | Y81: 23370777 | Z81: Rajmati Manjhi | AA81: 04-Sep-2020 | AB81: 62232 | AC81: 03 | AD81: 24 | AE81: 3 | AF81: 8.38 Yrs | AG81: 04 Sep 2020 | AH81: > 6 to 10 Years | AI81: 04-Sep-2020 | AJ81: 3200 | AK81: 3200 | AL81: 25-Dec-2025 | AM81: 22687.99 | AN81: 1907.52 | AO81: 24595.51 | AP81: 41100.77 | AQ81: 5473.11 | AR81: 46573.88 | AS81: 41101.01 | AT81: 5473.11 | AU81: 46574.12 | AV81: 59 | BB81: Open | BE81: 0 | BF81: SID951373597485 | BG81: 7224908971 | BH81: Mithun Lal Yadav/SF0038184 | BI81: Visited | BJ81: 46261 | BK81: Borrower Available | BL81: Borrower | BM81: Not Available | BN81: NA | BQ81: Agree to paid
A82: 78 | B82: East | C82: Chhattisgarh | D82: Champa | E82: Raigarh | F82: Raigarh | G82: CHGL2136 | H82: Pussore | I82: 36240 | J82: Kensara. | K82: 36240 | L82: SF0097262 | M82: Gagan Bihari Seth | N82: 54221 | O82: 16 | P82: 79539 | Q82: Laxmi | R82: Chetana Loans-Montly-Migrated | S82: SID2125506916 | T82: SID2125506916 | U82: SC | V82: HINDU | W82: 0 | X82: Agriculture & Farming | Y82: 23677813 | Z82: SUBHASHINI BHOY | AA82: 20-Aug-2020 | AB82: 51860 | AC82: 05 | AD82: 24 | AE82: 4 | AF82: 9.91 Yrs | AG82: 20 Aug 2020 | AH82: > 6 to 10 Years | AI82: 20-Aug-2020 | AJ82: 2700 | AK82: 2700 | AL82: 21-Jan-2023 | AM82: 45926.4 | AN82: 3279.29 | AO82: 49205.69 | AP82: 5933.6 | AQ82: 150.71 | AR82: 6084.31 | AS82: 5933.6 | AT82: 150.71 | AU82: 6084.31 | AV82: 60 | BB82: Open | BE82: 0 | BF82: SID2125506916 | BG82: 7805823031 | BH82: Mithun Lal Yadav/SF0038184 | BI82: Visited | BJ82: 46260 | BK82: Borrower Not Available | BL82: Other Borrower | BM82: Not Available | BN82: NA | BQ82: Loan card not available
A83: 79 | B83: East | C83: Chhattisgarh | D83: Champa | E83: Raigarh | F83: Raigarh | G83: CHGL2136 | H83: Pussore | I83: 36240 | J83: Kensara. | K83: 36240 | L83: SF0097262 | M83: Gagan Bihari Seth | N83: 54221 | O83: 16 | P83: 79785 | Q83: Radha | R83: Chetana Loans-Montly-Migrated | S83: CID213601914 | T83: CID213601914 | U83: SC | V83: HINDU | W83: 0 | X83: Auto | Y83: 23691844 | Z83: LAXMI BAI VAISHNAV | AA83: 20-Aug-2020 | AB83: 41488 | AC83: 05 | AD83: 24 | AE83: 5 | AF83: 11.90 Yrs | AG83: 20 Aug 2020 | AH83: > 10 Years | AI83: 20-Aug-2020 | AJ83: 2150 | AK83: 2150 | AL83: 13-Sep-2022 | AM83: 33549.88 | AN83: 2802.65 | AO83: 36352.53 | AP83: 8173.15 | AQ83: 284.88 | AR83: 8458.03 | AS83: 8174.12 | AT83: 284.88 | AU83: 8459 | AV83: 59 | BB83: Open | BE83: 0 | BF83: CID213601914 | BG83: 7067070126 | BH83: Mithun Lal Yadav/SF0038184 | BI83: Visited | BJ83: 46260 | BK83: Borrower Not Available | BL83: Other Borrower | BM83: Not Available | BN83: NA | BQ83: Loan card not available
A84: 80 | B84: East | C84: Chhattisgarh | D84: Champa | E84: Raigarh | F84: Raigarh | G84: CHGL2136 | H84: Pussore | I84: 36240 | J84: Kensara. | K84: 36240 | L84: SF0097262 | M84: Gagan Bihari Seth | N84: 54221 | O84: 16 | P84: 79723 | Q84: GANGA | R84: Chetana Loans-Montly-Migrated | S84: CID213608545 | T84: CID213608545 | U84: SC | V84: HINDU | W84: 0 | X84: Vehicle Purchase | Y84: 23691887 | Z84: MANAKUNVAR | AA84: 24-Aug-2020 | AB84: 41488 | AC84: 05 | AD84: 24 | AE84: 3 | AF84: 7.67 Yrs | AG84: 24 Aug 2020 | AH84: > 6 to 10 Years | AI84: 24-Aug-2020 | AJ84: 2150 | AK84: 2150 | AL84: 07-Mar-2022 | AM84: 20354.08 | AN84: 1156.31 | AO84: 21510.39 | AP84: 21375.59 | AQ84: 2275.08 | AR84: 23650.67 | AS84: 21375.92 | AT84: 2275.08 | AU84: 23651 | AV84: 59 | BB84: Open | BE84: 0 | BF84: CID213608545 | BG84: 9399646025 | BH84: Mithun Lal Yadav/SF0038184 | BI84: Visited | BJ84: 46260 | BK84: Borrower Not Available | BL84: Other Borrower | BM84: Not Available | BN84: NA | BQ84: Loan card not available
A85: 81 | B85: East | C85: Chhattisgarh | D85: Champa | E85: Raigarh | F85: Raigarh | G85: CHGL2136 | H85: Pussore | I85: 36178 | J85: Rengal Pali | K85: 36178 | L85: SF0097262 | M85: Gagan Bihari Seth | N85: 54087 | O85: 183 | P85: 79358 | Q85: Laxmi-4 | R85: Blue Lemon Loans-Monthly-Migrated | S85: SID951374058896 | T85: SID951374058896 | U85: SC | V85: HINDU | W85: 0 | X85: HOUSE PURPUSE | Y85: 24229146 | Z85: SAMARI (W/O : SANKIRTAN) | AA85: 05-Oct-2020 | AB85: 13483 | AC85: 03 | AD85: 19 | AE85: 2 | AF85: 5.98 Yrs | AG85: 04 Sep 2020 | AH85: > 4 to 6 Years | AI85: 05-Oct-2020 | AJ85: 850 | AK85: 850 | AL85: 13-Dec-2021 | AM85: 4341.44 | AN85: 20 | AO85: 4361.44 | AP85: 9261.45 | AQ85: 1039.44 | AR85: 10300.89 | AS85: 9261.56 | AT85: 1039.44 | AU85: 10301 | AV85: 59 | BB85: Open | BE85: 0 | BF85: SID951374058896 | BG85: 6263685966 | BH85: Mithun Lal Yadav/SF0038184 | BI85: Visited | BJ85: 46261 | BK85: Borrower Not Available | BL85: Other Borrower | BM85: Not Available | BN85: NA | BQ85: Loan card not available
A86: 82 | B86: East | C86: Chhattisgarh | D86: Champa | E86: Raigarh | F86: Raigarh | G86: CHGL2136 | H86: Pussore | I86: 36181 | J86: Kensara. | K86: 36181 | L86: SF0097262 | M86: Gagan Bihari Seth | N86: 54091 | O86: 71984 | P86: 79538 | Q86: 134092 | R86: Blue Lemon Loans-Monthly-Migrated | S86: SID2125150020 | T86: SID2125150020 | U86: SC | V86: HINDU | W86: 0 | X86: Agriculture & Farming | Y86: 25674635 | Z86: VIMALA BHOY | AA86: 19-Nov-2020 | AB86: 7589 | AC86: Tue | AD86: 12 | AE86: 4 | AF86: 10.30 Yrs | AG86: 15 Mar 2019 | AH86: > 10 Years | AI86: 19-Nov-2020 | AJ86: 700 | AK86: 700 | AL86: 22-Dec-2021 | AM86: 6135.71 | AN86: 31.29 | AO86: 6167 | AP86: 1453.29 | AQ86: 34.71 | AR86: 1488 | AS86: 1453.29 | AT86: 34.71 | AU86: 1488 | AV86: 60 | BB86: Open | BE86: 0 | BF86: SID2125150020 | BG86: 9109723347 | BH86: Mithun Lal Yadav/SF0038184 | BI86: Visited | BJ86: 46260 | BK86: Borrower Not Available | BL86: Other Borrower | BM86: Not Available | BN86: NA | BQ86: Loan card not available
A87: 83 | B87: East | C87: Chhattisgarh | D87: Champa | E87: Raigarh | F87: Raigarh | G87: CHGL2136 | H87: Pussore | I87: 36240 | J87: Kensara. | K87: 36240 | L87: SF0097262 | M87: Gagan Bihari Seth | N87: 54221 | O87: 16 | P87: 79723 | Q87: GANGA | R87: Blue Lemon Loans-Monthly-Migrated | S87: CID213608552 | T87: CID213608552 | U87: OBC | V87: HINDU | W87: 0 | X87: Agriculture & Farming | Y87: 25675495 | Z87: MAMTA | AA87: 19-Nov-2020 | AB87: 5767 | AC87: 05 | AD87: 12 | AE87: 3 | AF87: 8.09 Yrs | AG87: 10 Feb 2020 | AH87: > 6 to 10 Years | AI87: 19-Nov-2020 | AJ87: 550 | AK87: 550 | AL87: 27-Dec-2023 | AM87: 2619.35 | AN87: 76.15 | AO87: 2695.5 | AP87: 3316.42 | AQ87: 139.3 | AR87: 3455.72 | AS87: 3316.65 | AT87: 139.3 | AU87: 3455.95 | AV87: 58 | BB87: Open | BE87: 0 | BF87: CID213608552 | BG87: 7489026831 | BH87: Mithun Lal Yadav/SF0038184 | BI87: Visited | BJ87: 46260 | BK87: Borrower Not Available | BL87: Other Borrower | BM87: Not Available | BN87: NA | BQ87: Loan card not available
A88: 84 | B88: East | C88: Chhattisgarh | D88: Champa | E88: Raigarh | F88: Raigarh | G88: CHGL2136 | H88: Pussore | I88: 36240 | J88: Kensara. | K88: 36240 | L88: SF0097262 | M88: Gagan Bihari Seth | N88: 54221 | O88: 16 | P88: 79539 | Q88: Laxmi | R88: Blue Lemon Loans-Monthly-Migrated | S88: CID213602532 | T88: CID213602532 | U88: SC | V88: HINDU | W88: 0 | X88: Salt Business | Y88: 25676054 | Z88: BASNTI MAHANT | AA88: 19-Nov-2020 | AB88: 7589 | AC88: 05 | AD88: 12 | AE88: 5 | AF88: 9.96 Yrs | AG88: 15 Mar 2019 | AH88: > 6 to 10 Years | AI88: 19-Nov-2020 | AJ88: 700 | AK88: 700 | AL88: 27-Dec-2023 | AM88: 1815.21 | AN88: 41.2 | AO88: 1856.41 | AP88: 6350.7 | AQ88: 435.41 | AR88: 6786.11 | AS88: 6350.79 | AT88: 435.41 | AU88: 6786.2 | AV88: 59 | BB88: Open | BE88: 0 | BF88: CID213602532 | BG88: 7999469663 | BH88: Mithun Lal Yadav/SF0038184 | BI88: Visited | BJ88: 46260 | BK88: Borrower Available | BL88: Borrower | BM88: Not Available | BN88: NA | BQ88: Borrower Not agree to paid
A89: 85 | B89: East | C89: Chhattisgarh | D89: Champa | E89: Raigarh | F89: Raigarh | G89: CHGL2136 | H89: Pussore | I89: 36240 | J89: Kensara. | K89: 36240 | L89: SF0097262 | M89: Gagan Bihari Seth | N89: 54221 | O89: 16 | P89: 79794 | Q89: LAXMI A | R89: Blue Lemon Loans-Monthly-Migrated | S89: CID050403615 | T89: CID050403615 | U89: ST | V89: HINDU | W89: 0 | X89: Agriculture & Farming | Y89: 25676666 | Z89: Sushila Bhoy | AA89: 19-Nov-2020 | AB89: 7589 | AC89: 05 | AD89: 12 | AE89: 6 | AF89: 8.43 Yrs | AG89: 19 Sep 2019 | AH89: > 6 to 10 Years | AI89: 19-Nov-2020 | AJ89: 700 | AK89: 700 | AL89: 07-Dec-2021 | AM89: 4626 | AN89: 39 | AO89: 4665 | AP89: 2963 | AQ89: 67 | AR89: 3030 | AS89: 2963 | AT89: 67 | AU89: 3030 | AV89: 60 | BB89: Open | BE89: 0 | BF89: CID050403615 | BG89: 8305924028 | BH89: Mithun Lal Yadav/SF0038184 | BI89: Visited | BJ89: 46260 | BK89: Borrower Not Available | BL89: Other Borrower | BM89: Not Available | BN89: NA | BQ89: Borrower Husband death
A90: 86 | B90: East | C90: Chhattisgarh | D90: Champa | E90: Raigarh | F90: Raigarh | G90: CHGL2136 | H90: Pussore | I90: 36178 | J90: Rengal Pali | K90: 36178 | L90: SF0097262 | M90: Gagan Bihari Seth | N90: 54087 | O90: 183 | P90: 79377 | Q90: ganesh | R90: Blue Lemon Loans-Monthly-Migrated | S90: CID050408157 | T90: CID050408157 | U90: ST | V90: HINDU | W90: 0 | X90: Agriculture & Farming | Y90: 25678241 | Z90: JANKI MANJHI | AA90: 19-Nov-2020 | AB90: 7487 | AC90: 03 | AD90: 12 | AE90: 7 | AF90: 12.44 Yrs | AG90: 30 Aug 2020 | AH90: > 10 Years | AI90: 19-Nov-2020 | AJ90: 700 | AK90: 700 | AL90: 30-Sep-2021 | AM90: 3316.04 | AN90: 0 | AO90: 3316.04 | AP90: 4197.7 | AQ90: 228.04 | AR90: 4425.74 | AS90: 4197.96 | AT90: 228.04 | AU90: 4426 | AV90: 59 | BB90: Open | BE90: 0 | BF90: CID050408157 | BG90: 9301237181 | BH90: Mithun Lal Yadav/SF0038184 | BI90: Visited | BJ90: 46261 | BK90: Borrower Not Available | BL90: Other Borrower | BM90: Not Available | BN90: NA | BQ90: Loan card not available
... A92: 88 | B92: East | C92: Chhattisgarh | D92: Champa | E92: Raigarh | F92: Raigarh | G92: CHGL2136 | H92: Pussore | I92: 36240 | J92: Kensara. | K92: 36240 | L92: SF0097262 | M92: Gagan Bihari Seth | N92: 54221 | O92: 16 | P92: 79785 | Q92: Radha | R92: Blue Lemon Loans-Monthly-Migrated | S92: CID050403655 | T92: CID050403655 | U92: EBC | V92: HINDU | W92: 0 | X92: Agriculture & Farming | Y92: 31233365 | Z92: Moharmati | AA92: 31-Mar-2021 | AB92: 7540 | AC92: 05 | AD92: 15 | AE92: 5 | AF92: 9.34 Yrs | AG92: 31 Mar 2021 | AH92: > 6 to 10 Years | AI92: 31-Mar-2021 | AJ92: 550 | AK92: 550 | AL92: 30-Sep-2022 | AM92: 6118.1 | AN92: 405.8 | AO92: 6523.9 | AP92: 1424.28 | AQ92: 26.69 | AR92: 1450.97 | AS92: 1424.9 | AT92: 26.69 | AU92: 1451.59 | AV92: 59 | BB92: Open | BE92: 0 | BF92: CID050403655 | BG92: 8349488216 | BH92: Mithun Lal Yadav/SF0038184 | BI92: Visited | BJ92: 46260 | BK92: Borrower Not Available | BL92: Other Borrower | BM92: Not Available | BN92: NA | BQ92: Loan card not available
A93: 89 | B93: East | C93: Chhattisgarh | D93: Champa | E93: Raigarh | F93: Raigarh | G93: CHGL2136 | H93: Pussore | I93: 36165 | J93: Kodpali | K93: 36165 | L93: SF0059997 | M93: Jay Prakash Ratre | N93: 54158 | O93: 80 | P93: 79436 | Q93: Laxmi | R93: Blue Lemon Loans-Monthly-Migrated | S93: SID951375241029 | T93: SID951375241029 | U93: EBC | V93: HINDU | W93: 0 | X93: Agriculture & Farming | Y93: 31234544 | Z93: NANDINI | AA93: 31-Mar-2021 | AB93: 3200 | AC93: 03 | AD93: 20 | AE93: 2 | AF93: 6.98 Yrs | AG93: 03 Sep 2019 | AH93: > 6 to 10 Years | AI93: 31-Mar-2021 | AJ93: 200 | AK93: 200 | AL93: 27-Dec-2023 | AM93: 1046.37 | AN93: 156.97 | AO93: 1203.34 | AP93: 2163.21 | AQ93: 152.02 | AR93: 2315.23 | AS93: 2163.63 | AT93: 152.02 | AU93: 2315.65 | AV93: 59 | BB93: Open | BD93: 30-Jun-2022 | BE93: 3200 | BF93: SID951375241029 | BG93: 6372464102 | BH93: Mithun Lal Yadav/SF0038184 | BI93: Visited | BJ93: 46261 | BK93: Borrower Not Available | BL93: Other Borrower | BM93: Not Available | BN93: NA | BQ93: Borrower not available
A94: 90 | B94: East | C94: Chhattisgarh | D94: Champa | E94: Raigarh | F94: Raigarh | G94: CHGL2136 | H94: Pussore | I94: 36178 | J94: Rengal Pali | K94: 36178 | L94: SF0097262 | M94: Gagan Bihari Seth | N94: 54087 | O94: 183 | P94: 79358 | Q94: Laxmi-4 | R94: Blue Lemon Loans-Monthly-Migrated | S94: SID951372943778 | T94: SID951372943778 | U94: ST | V94: HINDU | W94: 0 | X94: Agriculture & Farming | Y94: 31242290 | Z94: Sukmati | AA94: 31-Mar-2021 | AB94: 11510 | AC94: 03 | AD94: 16 | AE94: 2 | AF94: 9.06 Yrs | AG94: 01 Oct 2018 | AH94: > 6 to 10 Years | AI94: 31-Mar-2021 | AJ94: 800 | AK94: 800 | AL94: 27-Dec-2023 | AM94: 2139.02 | AN94: 161.35 | AO94: 2300.37 | AP94: 9585.8967 | AQ94: 816.65 | AR94: 10402.547 | AS94: 9585.98 | AT94: 816.65 | AU94: 10402.63 | AV94: 59 | BB94: Open | BE94: 0 | BF94: SID951372943778 | BG94: 9893036941 | BH94: Mithun Lal Yadav/SF0038184 | BI94: Visited | BJ94: 46261 | BK94: Borrower Not Available | BL94: Other Borrower | BM94: Not Available | BN94: NA | BQ94: Loan card not available
A95: 91 | B95: East | C95: Chhattisgarh | D95: Champa | E95: Raigarh | F95: Raigarh | G95: CHGL2136 | H95: Pussore | I95: 36165 | J95: Kodpali | K95: 36165 | L95: SF0059997 | M95: Jay Prakash Ratre | N95: 54158 | O95: 80 | P95: 79436 | Q95: Laxmi | R95: Blue Lemon Loans-Monthly-Migrated | S95: SID951372815403 | T95: SID951372815403 | U95: EBC | V95: HINDU | W95: 0 | X95: Agriculture & Farming | Y95: 31243269 | Z95: PUSHPA | AA95: 31-Mar-2021 | AB95: 4600 | AC95: 03 | AD95: 20 | AE95: 2 | AF95: 9.43 Yrs | AG95: 03 Nov 2018 | AH95: > 6 to 10 Years | AI95: 31-Mar-2021 | AJ95: 300 | AK95: 300 | AL95: 27-Dec-2023 | AM95: 590.86 | AN95: 161.96 | AO95: 752.82 | AP95: 4078.83 | AQ95: 374.11 | AR95: 4452.94 | AS95: 4079.14 | AT95: 374.11 | AU95: 4453.25 | AV95: 59 | BB95: Open | BD95: 30-Jun-2022 | BE95: 4600 | BF95: SID951372815403 | BG95: 8827097129 | BH95: Mithun Lal Yadav/SF0038184 | BI95: Visited | BJ95: 46261 | BK95: Borrower Available | BL95: Borrower | BM95: Not Available | BN95: NA | BQ95: borrower Not agree to paid
A96: 92 | B96: East | C96: Chhattisgarh | D96: Champa | E96: Raigarh | F96: Raigarh | G96: CHGL2136 | H96: Pussore | I96: 36240 | J96: Kensara. | K96: 36240 | L96: SF0097262 | M96: Gagan Bihari Seth | N96: 54221 | O96: 16 | P96: 79539 | Q96: Laxmi | R96: Blue Lemon Loans-Monthly-Migrated | S96: SID951374119615 | T96: SID951374119615 | U96: ST | V96: HINDU | W96: 0 | X96: Agriculture & Farming | Y96: 31246720 | Z96: Vilasini | AA96: 31-Mar-2021 | AB96: 11470 | AC96: 05 | AD96: 16 | AE96: 1 | AF96: 8.05 Yrs | AG96: 31 Mar 2021 | AH96: > 6 to 10 Years | AI96: 31-Mar-2021 | AJ96: 800 | AK96: 800 | AL96: 30-Sep-2021 | AM96: 0 | AN96: 0 | AO96: 0 | AP96: 11470 | AQ96: 1294 | AR96: 12764 | AS96: 11470 | AT96: 1294 | AU96: 12764 | AV96: 60 | BB96: Open | BE96: 0 | BF96: SID951374119615 | BG96: 7316987167 | BH96: Mithun Lal Yadav/SF0038184 | BI96: Visited | BJ96: 46260 | BK96: Borrower Not Available | BL96: Other Borrower | BM96: Not Available | BN96: NA | BQ96: Loan card not available
A97: 93 | B97: East | C97: Chhattisgarh | D97: Champa | E97: Raigarh | F97: Raigarh | G97: CHGL2136 | H97: Pussore | I97: 36165 | J97: Kodpali | K97: 36165 | L97: SF0059997 | M97: Jay Prakash Ratre | N97: 54073 | O97: 475573 | P97: 79344 | Q97: PREM | R97: Blue Lemon Loans-Monthly-Migrated | S97: SID951373880176 | T97: SID951373880176 | U97: EBC | V97: MUSLIM | W97: 0 | X97: Agriculture & Farming | Y97: 31249423 | Z97: MAJBUN NISHA | AA97: 31-Mar-2021 | AB97: 12580 | AC97: 03 | AD97: 17 | AE97: 1 | AF97: 8.19 Yrs | AG97: 20 Jun 2018 | AH97: > 6 to 10 Years | AI97: 31-Mar-2021 | AJ97: 850 | AK97: 850 | AL97: 30-Sep-2021 | AM97: 560 | AN97: 0 | AO97: 560 | AP97: 12020 | AQ97: 830 | AR97: 12850 | AS97: 12020 | AT97: 830 | AU97: 12850 | AV97: 60 | BB97: Open | BE97: 0 | BF97: SID951373880176 | BG97: 7869081216 | BH97: Mithun Lal Yadav/SF0038184 | BI97: Visited | BJ97: 46261 | BK97: Borrower Available | BL97: Borrower | BM97: Available | BN97: No | BQ97: No issue
A98: 94 | B98: East | C98: Chhattisgarh | D98: Champa | E98: Raigarh | F98: Raigarh | G98: CHGL2136 | H98: Pussore | I98: 36165 | J98: Kodpali | K98: 36165 | L98: SF0059997 | M98: Jay Prakash Ratre | N98: 54158 | O98: 80 | P98: 79436 | Q98: Laxmi | R98: Blue Lemon Loans-Monthly-Migrated | S98: SID2125315181 | T98: SID2125315181 | U98: EBC | V98: HINDU | W98: 0 | X98: Agriculture & Farming | Y98: 31250784 | Z98: MEENA | AA98: 31-Mar-2021 | AB98: 4600 | AC98: 03 | AD98: 20 | AE98: 3 | AF98: 10.39 Yrs | AG98: 03 Nov 2018 | AH98: > 10 Years | AI98: 31-Mar-2021 | AJ98: 300 | AK98: 300 | AL98: 22-Oct-2021 | AM98: 657.59 | AN98: 105.98 | AO98: 763.57 | AP98: 4014.98 | AQ98: 396.59 | AR98: 4411.57 | AS98: 4015.41 | AT98: 396.59 | AU98: 4412 | AV98: 59 | BB98: Open | BD98: 30-Jun-2022 | BE98: 4600 | BF98: SID2125315181 | BG98: 8356001583 | BH98: Mithun Lal Yadav/SF0038184 | BI98: Visited | BJ98: 46261 | BK98: Borrower Available | BL98: Borrower | BM98: Not Available | BN98: NA | BQ98: Agree to Paid
A99: 95 | B99: East | C99: Chhattisgarh | D99: Champa | E99: Raigarh | F99: Raigarh | G99: CHGL2136 | H99: Pussore | I99: 36165 | J99: Kodpali | K99: 36165 | L99: SF0059997 | M99: Jay Prakash Ratre | N99: 54158 | O99: 80 | P99: 79436 | Q99: Laxmi | R99: Blue Lemon Loans-Monthly-Migrated | S99: SID2125312905 | T99: SID2125312905 | U99: ST | V99: HINDU | W99: 0 | X99: Agriculture & Farming | Y99: 31262710 | Z99: PADMA | AA99: 31-Mar-2021 | AB99: 4600 | AC99: 03 | AD99: 20 | AE99: 3 | AF99: 10.39 Yrs | AG99: 03 Nov 2018 | AH99: > 10 Years | AI99: 31-Mar-2021 | AJ99: 300 | AK99: 300 | AL99: 22-Oct-2021 | AM99: 413 | AN99: 18 | AO99: 431 | AP99: 4187 | AQ99: 262 | AR99: 4449 | AS99: 4187 | AT99: 262 | AU99: 4449 | AV99: 60 | BB99: Open | BE99: 0 | BF99: SID2125312905 | BG99: 9109302524 | BH99: Mithun Lal Yadav/SF0038184 | BI99: Visited | BJ99: 46261 | BK99: Borrower Available | BL99: Borrower | BM99: Not Available | BN99: NA | BQ99: Agree to Paid
A100: 96 | B100: East | C100: Chhattisgarh | D100: Champa | E100: Raigarh | F100: Raigarh | G100: CHGL2136 | H100: Pussore | I100: 36165 | J100: Kodpali | K100: 36165 | L100: SF0059997 | M100: Jay Prakash Ratre | N100: 54158 | O100: 80 | P100: 79436 | Q100: Laxmi | R100: Blue Lemon Loans-Monthly-Migrated | S100: SID2125315182 | T100: SID2125315182 | U100: EBC | V100: HINDU | W100: 0 | X100: Agriculture & Farming | Y100: 31267062 | Z100: SHAMA | AA100: 31-Mar-2021 | AB100: 13340 | AC100: 03 | AD100: 23 | AE100: 3 | AF100: 10.39 Yrs | AG100: 18 Nov 2018 | AH100: > 10 Years | AI100: 31-Mar-2021 | AJ100: 700 | AK100: 700 | AL100: 30-Sep-2021 | AM100: 135 | AN100: 0 | AO100: 135 | AP100: 13205 | AQ100: 1423 | AR100: 14628 | AS100: 13205 | AT100: 1423 | AU100: 14628 | AV100: 60 | BB100: Open | BE100: 0 | BF100: SID2125315182 | BG100: 9993836676 | BH100: Mithun Lal Yadav/SF0038184 | BI100: Visited | BJ100: 46261 | BK100: Borrower Not Traceable | BL100: Other Borrower | BM100: Not Available | BN100: NA | BQ100: Borrower not available
A101: 97 | B101: East | C101: Chhattisgarh | D101: Champa | E101: Raigarh | F101: Raigarh | G101: CHGL2136 | H101: Pussore | I101: 36165 | J101: Kodpali | K101: 36165 | L101: SF0059997 | M101: Jay Prakash Ratre | N101: 54073 | O101: 475573 | P101: 79344 | Q101: PREM | R101: Blue Lemon Loans-Monthly-Migrated | S101: SID951373907525 | T101: SID951373907525 | U101: ST | V101: HINDU | W101: 0 | X101: Agriculture & Farming | Y101: 31272923 | Z101: GURUWARI | AA101: 31-Mar-2021 | AB101: 12580 | AC101: 03 | AD101: 17 | AE101: 1 | AF101: 8.19 Yrs | AG101: 31 Mar 2021 | AH101: > 6 to 10 Years | AI101: 31-Mar-2021 | AJ101: 850 | AK101: 850 | AL101: 30-Sep-2021 | AM101: 325 | AN101: 0 | AO101: 325 | AP101: 12255 | AQ101: 1448 | AR101: 13703 | AS101: 12255 | AT101: 1448 | AU101: 13703 | AV101: 60 | BB101: Open | BE101: 0 | BF101: SID951373907525 | BG101: 7489372398 | BH101: Mithun Lal Yadav/SF0038184 | BI101: Visited | BJ101: 46261 | BK101: Borrower Available | BL101: Borrower | BM101: Available | BN101: No | BQ101: No issue
A102: 98 | B102: East | C102: Chhattisgarh | D102: Champa | E102: Raigarh | F102: Raigarh | G102: CHGL2136 | H102: Pussore | I102: 36240 | J102: Kensara. | K102: 36240 | L102: SF0097262 | M102: Gagan Bihari Seth | N102: 54221 | O102: 16 | P102: 79723 | Q102: GANGA | R102: Blue Lemon Loans-Monthly-Migrated | S102: CID050401237 | T102: CID050401237 | U102: OBC | V102: HINDU | W102: 0 | X102: Agriculture & Farming | Y102: 31273222 | Z102: SANTRABAI MAHANT | AA102: 31-Mar-2021 | AB102: 13320 | AC102: 05 | AD102: 18 | AE102: 7 | AF102: 8.45 Yrs | AG102: 17 Jul 2019 | AH102: > 6 to 10 Years | AI102: 31-Mar-2021 | AJ102: 850 | AK102: 850 | AM102: 0 | AN102: 0 | AO102: 0 | AP102: 14210.63 | AQ102: 1696 | AR102: 15906.63 | AS102: 14211 | AT102: 1696 | AU102: 15907 | AV102: 59 | BB102: Open | BD102: 30-Jun-2022 | BE102: 13320 | BF102: CID050401237 | BG102: 7804826138 | BH102: Mithun Lal Yadav/SF0038184 | BI102: Visited | BJ102: 46260 | BK102: Borrower Available | BL102: Borrower | BM102: Not Available | BN102: NA | BQ102: Borrower Not agree to paid
A103: 99 | B103: East | C103: Chhattisgarh | D103: Champa | E103: Raigarh | F103: Raigarh | G103: CHGL2136 | H103: Pussore | I103: 36181 | J103: Kensara. | K103: 36181 | L103: SF0097262 | M103: Gagan Bihari Seth | N103: 54171 | O103: 39 | P103: 79832 | Q103: Suniti | R103: Blue Lemon Loans-Monthly-Migrated | S103: CID213600374 | T103: CID213600374 | U103: ST | V103: HINDU | W103: 0 | X103: Agriculture & Farming | Y103: 31278356 | Z103: Medni Khadiya | AA103: 31-Mar-2021 | AB103: 8880 | AC103: 05 | AD103: 12 | AE103: 6 | AF103: 12.39 Yrs | AG103: 22 Oct 2019 | AH103: > 10 Years | AI103: 31-Mar-2021 | AJ103: 850 | AK103: 850 | AL103: 07-Dec-2021 | AM103: 5322.99 | AN103: 135.31 | AO103: 5458.3 | AP103: 3581.52 | AQ103: 89.99 | AR103: 3671.51 | AS103: 3582.01 | AT103: 89.99 | AU103: 3672 | AV103: 58 | BB103: Open | BE103: 0 | BF103: CID213600374 | BG103: 7879672305 | BH103: Mithun Lal Yadav/SF0038184 | BI103: Visited | BJ103: 46260 | BK103: Borrower Not Available | BL103: Other Borrower | BM103: Not Available | BN103: NA | BQ103: Loan card not available
...
